Cogmind - Beta 13 @@@ ROGUE MODE // 2024.03.26 @ 23:20:09 Player: 3.14 Result: Escaped! Performance ------------- Evolutions (9) 4500 Regions Visited (38) 7600 Robots Destroyed (307) 1535 Value Destroyed (13868) 13868 Prototype IDs (106) 2120 Alien Tech Used (6) 1200 Bonus (18995) 18995 TOTAL SCORE: 49818 Bonus ------- Triggered Max Security 3000 High Alert Combat Kills 636 Follower Combat Kills 1641 Network Hubs Disabled 200 Aligned with FarCom 300 Met Data Miner 300 Met Zhirov 300 MAIN.C Attacked Warlord 500 Built Enhanced Grunts 300 A7 Reached Mainframe 300 Met MAIN.C 5000 Destroyed MAIN.C Shell 5000 Win 3000 Friendly Fire -1482 Cogmind --------- Core Integrity 913/1600 Matter 300/300 Energy 218/350 System Corruption 3% Temperature Cool (12) Movement Flying (11) Location To Epsilon Eridani Parts ------- > --- POWER (2) -------- Improved Quantum Reactor > --- PROPULSION (7) --- Cooled Nuclear Pulse Thruster Improved Diametric Drive Cooled Impulse Thruster Cooled Impulse Thruster Cooled Impulse Thruster Improved Q-thruster > --- UTILITY (14) ----- Experimental Cooling System Improved Melee Analysis Suite Experimental Melee Analysis Suite Experimental Core Analyzer Experimental Core Analyzer Experimental Armor Integrity Analyzer Centrium Medium Armor Plating Advanced Thermal Shield Advanced EM Disruption Field Ghost Barrier > --- WEAPON (2) ------- Ionic Axe Longsword +1 > --- INVENTORY (5) ---- Improved Quantum Reactor Centrium Medium Armor Plating Experimental System Purifier Peak State ------------ > --- POWER ------------ Light Neutrino Core Zero-point Reactor > --- PROPULSION ------- Cooled Nuclear Pulse Thruster Improved Diametric Drive Cooled Impulse Thruster Cooled Impulse Thruster Cooled Impulse Thruster Improved Q-thruster Experimental Q-thruster > --- UTILITY ---------- Advanced Gravity Neutralizer Improved Melee Analysis Suite Experimental Melee Analysis Suite Experimental Core Analyzer Experimental Core Analyzer Experimental Armor Integrity Analyzer Femtoactuators Centrium Medium Armor Plating Centrium Medium Armor Plating Centrium Medium Armor Plating Centrium Medium Armor Plating Centrium Medium Armor Plating Advanced Thermal Shield Ghost Barrier > --- WEAPON ----------- Sigix Broadsword > --- INVENTORY -------- Cooled Nuclear Pulse Thruster Cooled Nuclear Pulse Thruster Experimental Weapon Shielding Ionic Axe Longsword +1 [Rating: 232] Favorites ----------- Power Light Angular Momentum Engine Engine Light Angular Momentum Engine Power Core Micro Fission Core Reactor Light Antimatter Reactor Propulsion Cooled Nuclear Pulse Thruster Treads Light Treads Leg Aluminum Leg Flight Unit Cooled Nuclear Pulse Thruster Utility Advanced Hacking Suite Device Structural Scanner Storage Large Storage Unit Processor Experimental Core Analyzer Hackware Advanced Hacking Suite Protection Experimental Utility Shielding Artifact Core Physics Calibrator Weapon Longsword +1 Energy Gun Improved Medium Laser Energy Cannon Beam Cannon Ballistic Gun Autogun Ballistic Cannon Assault Cannon Launcher Long-range Missile Launcher Impact Weapon Heavy Mace Slashing Weapon Longsword +1 Piercing Weapon Heavy Pick Special Melee Weapon Improved Datajack Build | -11 -10 -10 -9 -9 -9 -8 -8 -7 -7 -7 -7 -7 -7 -6 -6 -6 -6 -6 -6 -5 -5 -5 -5 -4 -4 -4 -4 -4 -4 -4 -3 -3 -3 -2 -2 -2 -1 -1 ------- Run | Yrd Mat Min Mat Min Exi Min Mat Fac Was Fac Low Low Dat Pro Fac Ext Cet Arc Hub Fac Upp Upp Zhi Pro Fac Was Fac Upp Upp War Pro Res Qua Res Tes Sec Acc Com Slots Evolved 18 | . . . 2 . . . 2 2 . . . . . . 2 . . . . 2 . . . . 2 . . . . . . 2 . 2 . . 2 . Power 1 | . . . . . . . . . . . . . . . . . . . . . . . . . 1 . . . . . . . . . . . . . Propulsion 5 | . . . 1 . . . 1 . . . . . . . 1 . . . . 1 . . . . . . . . . . . . . 1 . . . . Utility 12 | . . . 1 . . . 1 2 . . . . . . 1 . . . . 1 . . . . 1 . . . . . . 2 . 1 . . 2 . Weapon . | . . . . . . . . . . . . . . . . . . . . . . . . . . . . . . . . . . . . . . . Parts Attached 432 | 3 10 . 41 4 1 8 25 40 . 11 2 2 3 4 11 17 1 1 4 20 6 1 9 . 4 1 12 5 4 16 4 24 5 14 18 7 22 72 Power 57 | . 1 . 3 . . . 2 4 . 2 . . . . 1 . . . . 1 . 1 1 . 2 . 1 1 2 4 . 4 . 3 1 2 1 20 Engine 12 | . 1 . 3 . . . 2 1 . . . . . . 1 . . . . 1 . 1 . . 2 . . . . . . . . . . . . . Core 16 | . . . . . . . . 2 . 2 . . . . . . . . . . . . . . . . 1 1 2 1 . 2 . . . 1 . 4 Reactor 29 | . . . . . . . . 1 . . . . . . . . . . . . . . 1 . . . . . . 3 . 2 . 3 1 1 1 16 Propulsion 63 | 2 1 . 14 . . 3 6 12 . . . . 2 1 3 . . . . 4 . . . . . . 1 . . 2 . 1 . 1 6 . 1 3 Treads 25 | 2 1 . 14 . . 3 5 . . . . . . . . . . . . . . . . . . . . . . . . . . . . . . . Leg . | . . . . . . . . . . . . . . . . . . . . . . . . . . . . . . . . . . . . . . . Wheel . | . . . . . . . . . . . . . . . . . . . . . . . . . . . . . . . . . . . . . . . Hover . | . . . . . . . . . . . . . . . . . . . . . . . . . . . . . . . . . . . . . . . Flight 38 | . . . . . . . 1 12 . . . . 2 1 3 . . . . 4 . . . . . . 1 . . 2 . 1 . 1 6 . 1 3 Utility 191 | . 3 . 12 . 1 . 8 16 . 6 . 1 . . 4 4 1 . 2 11 2 . 7 . 1 1 10 1 1 7 1 15 4 8 9 3 11 41 Device 66 | . 1 . 5 . . . 3 3 . 1 . . . . 1 1 . . 1 2 1 . 1 . 1 . 7 . 1 5 1 5 2 3 4 2 4 11 Storage 7 | . 2 . . . 1 . . . . . . . . . . . . . . . . . 1 . . 1 . . . . . 1 . . . . . 1 Processor 8 | . . . . . . . 1 1 . . . . . . . . . . . . . . . . . . . . . . . . . . . . . 6 Hackware 23 | . . . . . . . . 8 . 5 . . . . 1 . . . . 2 . . . . . . 1 . . . . 3 . 1 1 . 1 . Protection 86 | . . . 7 . . . 4 4 . . . 1 . . 2 3 1 . 1 7 1 . 5 . . . 2 1 . 2 . 6 2 4 4 1 6 22 Artifact 1 | . . . . . . . . . . . . . . . . . . . . . . . . . . . . . . . . . . . . . . 1 Weapon 121 | 1 5 . 12 4 . 5 9 8 . 3 2 1 1 3 3 13 . 1 2 4 4 . 1 . 1 . . 3 1 3 3 4 1 2 2 2 9 8 Energy Gun 9 | 1 2 . 5 . . . 1 . . . . . . . . . . . . . . . . . . . . . . . . . . . . . . . Energy Cannon 1 | . 1 . . . . . . . . . . . . . . . . . . . . . . . . . . . . . . . . . . . . . Ballistic Gun 16 | . 2 . 6 2 . 3 3 . . . . . . . . . . . . . . . . . . . . . . . . . . . . . . . Ballistic Cannon 3 | . . . . . . . 3 . . . . . . . . . . . . . . . . . . . . . . . . . . . . . . . Launcher 32 | . . . 1 2 . 2 1 . . 1 1 1 . 2 1 7 . . 1 2 1 . 1 . . . . 2 . 1 2 1 . . . . 2 . Special Weapon . | . . . . . . . . . . . . . . . . . . . . . . . . . . . . . . . . . . . . . . . Impact Weapon 6 | . . . . . . . . 4 . . . . . . 1 . . . . . . . . . . . . . . 1 . . . . . . . . Slashing Weapon 45 | . . . . . . . . 3 . 2 1 . 1 1 1 6 . 1 . 2 2 . . . 1 . . 1 1 . 1 2 1 1 1 2 6 8 Piercing Weapon 1 | . . . . . . . . . . . . . . . . . . . . . . . . . . . . . . . . . . . . . 1 . Special Melee Weapon 8 | . . . . . . . 1 1 . . . . . . . . . . 1 . 1 . . . . . . . . 1 . 1 . 1 1 . . . Unidentified Prototypes 31 | . 1 . . . . . 1 3 . . . . . . 1 . 1 . . 1 . . 3 . . . 2 . . 4 . . 3 . 2 1 . 8 Parts Lost 28 | . . . 2 . . 2 2 . . 2 . . . 1 . . . . . . 2 . . . . . . . . . . . . 2 1 . . 14 Power 9 | . . . . . . 1 . . . . . . . . . . . . . . 1 . . . . . . . . . . . . 1 1 . . 5 Propulsion 3 | . . . . . . 1 . . . . . . . . . . . . . . . . . . . . . . . . . . . . . . . 2 Utility 12 | . . . 2 . . . 1 . . 2 . . . . . . . . . . . . . . . . . . . . . . . 1 . . . 6 Weapon 4 | . . . . . . . 1 . . . . . . 1 . . . . . . 1 . . . . . . . . . . . . . . . . 1 Highest Loss Streak 6 | . . . 1 . . 1 1 . . 1 . . . 1 . . . . . . 2 . . . . . . . . . . . . 2 1 . . 6 To Critical Strikes . | . . . . . . . . . . . . . . . . . . . . . . . . . . . . . . . . . . . . . . . Average Slot Usage (%) 97 | . 99 100 99 100 100 99 96 95 100 97 100 100 100 99 94 100 100 100 99 95 93 98 100 100 95 91 98 100 100 99 100 99 95 94 98 99 98 94 Engine 5 | . 14 14 11 11 11 10 8 4 . . . . . . 1 6 6 6 6 5 1 3 . . 3 5 5 3 . . . . . . . . . . Core 1 | . . . . . . . . 1 7 7 7 7 7 7 4 . . . . . . . . . . . 4 6 10 7 5 3 4 1 . 3 4 3 Reactor 1 | . . . . . . . . . . . . . . . . . . . . . . . 4 5 5 5 . . . 2 5 4 4 6 7 4 4 4 Treads 11 | . 27 28 33 33 33 32 33 . . . . . . . . . . . . . . . . . . . . . . . . . . . . . . . Flight 19 | . . . . . . . . 29 30 30 30 30 30 30 32 33 33 33 33 34 35 35 35 35 31 31 31 31 31 31 31 27 28 29 29 30 28 27 Device 8 | . 12 14 12 11 11 11 10 3 7 . . . . . 4 2 . . . . 1 . . . 5 5 11 7 7 11 6 10 9 7 12 9 12 12 Storage 5 | . 15 14 11 11 11 11 9 . . . . . . . . . . . . . . . . . . 2 5 5 5 5 5 4 4 4 4 4 4 2 Processor 1 | . . . . . . . 3 . . . . . . . . . . . . . . . . . . . . . . . . . . . . . . 13 Hackware 16 | . . . . . . . . 26 30 34 38 38 38 38 28 26 26 26 26 27 29 29 29 29 26 26 26 26 26 26 26 31 28 26 25 26 25 11 Protection 9 | . . . 9 11 11 11 12 10 7 7 7 7 7 7 10 16 20 20 19 14 15 17 15 17 12 5 1 8 7 3 8 3 8 10 8 11 13 13 Energy Gun 2 | . 16 14 8 . . . 2 . . . . . . . . . . . . . . . . . . . . . . . . . . . . . . . Ballistic Gun 4 | . 7 14 13 22 22 21 7 . . . . . . . . . . . . . . . . . . . . . . . . . . . . . . . Impact Weapon 1 | . . . . . . . . 6 7 . . . . . 1 6 6 1 . . . . . . . . . . . 2 1 . . . . . . . Slashing Weapon 2 | . . . . . . . . . . 6 5 . 7 1 6 3 . 4 6 4 2 5 4 . 4 5 5 2 4 2 1 3 4 4 4 6 7 6 Special Melee Weapon 2 | . . . . . . . 1 6 7 7 7 7 7 6 . . . . 5 5 2 5 5 5 5 5 5 5 5 5 5 4 . 2 3 1 . . Naked Turns . | . . . . . . . . . . . . . . . . . . . . . . . . . . . . . . . . . . . . . . . Heaviest Build 71 | 11 32 31 39 38 58 58 70 63 19 20 20 20 17 17 20 26 29 29 29 23 23 16 32 32 41 48 51 45 41 39 40 53 53 61 62 58 62 71 Greatest Support 80 | 40 40 40 60 60 60 60 80 80 24 24 24 24 36 24 39 39 30 30 30 48 36 18 52 36 52 52 61 52 52 54 54 54 66 72 72 64 65 74 Greatest Overweight (x) 1 | . . . . . . 1 1 . . . . . . . . 1 . . . . . . . . . . . . . . . . . . 1 . . 1 Average Overweight (x) . | . . . . . . . . . . . . . . . . . . . . . . . . . . . . . . . . . . . . . . . Largest Inventory Capacity 20 | 8 15 15 15 15 20 20 20 20 5 5 5 5 5 5 5 5 5 5 5 5 5 5 5 5 5 10 10 10 10 10 10 15 15 15 15 15 15 15 Average Capacity 11 | 8 13 15 15 15 18 20 20 5 5 5 5 5 5 5 5 5 5 5 5 5 5 5 5 5 5 7 10 10 10 10 10 13 15 15 15 15 15 11 Most Carried 20 | 6 15 15 15 15 17 17 20 20 4 5 5 5 5 5 5 5 5 5 5 5 5 5 5 5 5 5 9 10 10 10 10 12 15 15 15 15 15 15 Average Carried 10 | 6 11 14 14 15 16 16 19 5 4 4 5 5 2 5 4 5 5 4 5 4 5 5 4 5 4 4 6 8 9 9 10 10 14 12 14 14 14 10 Final Capacity 20 | 8 15 15 15 15 20 20 20 5 5 5 5 5 5 5 5 5 5 5 5 5 5 5 5 5 5 10 10 10 10 10 10 15 15 15 15 15 15 5 Final Carried 20 | 6 15 15 15 15 17 16 20 4 4 5 5 5 5 5 5 5 5 5 5 5 5 5 5 5 5 5 8 10 10 10 10 9 15 14 13 15 15 3 Class Distribution -------------------- 38% | Wizard-Sprinter 33% | Mutant 23% | Hacker-Sprinter Dominant Class ---------------- Mutant | -10/Materials Mutant | -10/Mines Mutant | -9/Materials Mutant | -9/Mines Mutant | -9/Exiles Mutant | -8/Mines Mutant | -8/Materials Hacker-Sprinter | -7/Factory Hacker-Sprinter | -7/Waste Wizard-Sprinter | -7/Factory Wizard-Sprinter | -7/Lower Caves Wizard-Sprinter | -7/Lower Caves Wizard-Sprinter | -7/Data Miner Wizard-Sprinter | -6/Proximity Caves Hacker-Sprinter | -6/Factory Hacker-Sprinter | -6/Extension Hacker-Sprinter | -6/Cetus Hacker-Sprinter | -6/Archives Hacker-Sprinter | -6/Hub_04(d) Wizard-Sprinter | -5/Factory Wizard-Sprinter | -5/Upper Caves Wizard-Sprinter | -5/Upper Caves Wizard-Sprinter | -5/Zhirov Wizard-Sprinter | -4/Proximity Caves Wizard-Sprinter | -4/Factory Wizard-Sprinter | -4/Waste Wizard-Sprinter | -4/Factory Wizard-Sprinter | -4/Upper Caves Wizard-Sprinter | -4/Upper Caves Wizard-Sprinter | -4/Warlord Wizard-Sprinter | -3/Proximity Caves Wizard-Sprinter | -3/Research Wizard-Sprinter | -3/Quarantine Wizard-Sprinter | -2/Research Wizard-Sprinter | -2/Testing Wizard-Sprinter | -2/Section 7 Wizard-Sprinter | -1/Access Hacker-Sprinter | -1/Command Resources | -11 -10 -10 -9 -9 -9 -8 -8 -7 -7 -7 -7 -7 -7 -6 -6 -6 -6 -6 -6 -5 -5 -5 -5 -4 -4 -4 -4 -4 -4 -4 -3 -3 -3 -2 -2 -2 -1 -1 ----------- Run | Yrd Mat Min Mat Min Exi Min Mat Fac Was Fac Low Low Dat Pro Fac Ext Cet Arc Hub Fac Upp Upp Zhi Pro Fac Was Fac Upp Upp War Pro Res Qua Res Tes Sec Acc Com Matter Collected 7686 | 192 209 21 790 49 83 264 1267 450 . 159 23 33 . 151 190 227 30 10 65 240 155 20 70 28 38 . 146 119 170 . 486 393 50 120 212 30 430 766 Remotely . | . . . . . . . . . . . . . . . . . . . . . . . . . . . . . . . . . . . . . . . Salvage Created 13675 | . 599 186 1109 173 . 408 1394 527 . 210 129 12 . 97 305 733 . 31 194 467 269 204 192 . 38 . 334 107 36 . 500 823 82 120 256 171 892 3077 Parts 717 | . 41 10 80 9 . 16 49 17 . 20 1 2 . 10 29 21 . 5 11 45 5 2 2 . 1 . 16 5 . . 23 41 8 8 23 12 51 154 Haulers Intercepted 23 | . 2 . 6 . . . 3 2 . 2 . . . . . 4 . . . . . . . . . . 1 . . . . 2 . . . . 1 . Recyclers Shooed 8 | . 2 1 2 . . . 2 . . . . . . . . . . . . . . . . . . . . . . . . . . . . . 1 . Parts Field Recycled . | . . . . . . . . . . . . . . . . . . . . . . . . . . . . . . . . . . . . . . . Retrieved Matter . | . . . . . . . . . . . . . . . . . . . . . . . . . . . . . . . . . . . . . . . Parts Self-Destructed 20 | . . . . . . . . . . . 1 . . 4 . . . . . . 3 2 1 . . . . 1 . . 8 . . . . . . . Prevented 5 | . . . . . . . . . . . . . . . . . . . . . 2 . . . . . . 3 . . . . . . . . . . Kills | -11 -10 -10 -9 -9 -9 -8 -8 -7 -7 -7 -7 -7 -7 -6 -6 -6 -6 -6 -6 -5 -5 -5 -5 -4 -4 -4 -4 -4 -4 -4 -3 -3 -3 -2 -2 -2 -1 -1 ------- Run | Yrd Mat Min Mat Min Exi Min Mat Fac Was Fac Low Low Dat Pro Fac Ext Cet Arc Hub Fac Upp Upp Zhi Pro Fac Was Fac Upp Upp War Pro Res Qua Res Tes Sec Acc Com Combat Hostiles Destroyed 171 | . 15 3 26 6 . 8 23 1 . 3 1 3 . 7 1 3 . . . 7 4 . . . . . . 8 . . 11 4 . . 4 . 12 21 Melee 37 | . . . . . . . . 1 . . . . . . 1 1 . . . 3 . . . . . . . 1 . . 2 . . . 4 . 3 21 Guns 49 | . 10 3 22 1 . 4 9 . . . . . . . . . . . . . . . . . . . . . . . . . . . . . . . Cannons 15 | . 5 . . . . . 10 . . . . . . . . . . . . . . . . . . . . . . . . . . . . . . . AOE 70 | . . . 4 5 . 4 4 . . 3 1 3 . 7 . 2 . . . 4 4 . . . . . . 7 . . 9 4 . . . . 9 . Classes Destroyed 21 | . 6 1 2 . . 2 1 1 . . 1 . . . 1 . . . . 1 1 . . . . . 1 . . . 1 . . . . 1 . 1 Worker 14 | . 2 . . . . . 2 . . . . . . . 2 . . . 1 2 . . . . . . . . . . . 4 . . . . 1 . Builder 21 | . 2 1 . . . . 2 2 . 1 . . . . 4 2 . . 1 1 . . . . . . 2 . . . . 1 . . . 1 1 . Tunneler 2 | . . . . . . 1 . . . . . . . . . . . . . 1 . . . . . . . . . . . . . . . . . . Hauler 23 | . 2 . 6 . . . 3 2 . 2 . . . . . 4 . . . . . . . . . . 1 . . . . 2 . . . . 1 . Recycler 24 | . . 2 1 . . 2 5 4 . . . . . . 1 2 . . . 1 . . . . . . 1 . . . . 2 . . . . 2 1 Minesweeper 2 | . . . . . . . . . . . 1 . . 1 . . . . . . . . . . . . . . . . . . . . . . . . Mechanic 1 | . . . . . . . . . . . . . . . . . . . . . . . . . . . 1 . . . . . . . . . . . Operator 15 | . 2 . 2 . . . 2 . . . . . . . 1 . . 1 1 1 . . . . . . 1 . . . . 3 . . . . . 1 Drone 2 | . . . . . . . . . . . . . . . . . . . . . . . . . . . . . . . 2 . . . . . . . Watcher 31 | . . . . . . . . 3 . 1 . . . . 1 2 . . . 6 . . . . 1 . . . . . . 3 2 3 . 2 4 3 Swarmer 72 | . 8 3 14 . . . 3 1 . 3 . 3 . 7 . 2 . . . 5 . . . . . . . 5 . . 5 4 . . . . 9 . Cutter 2 | . . . . . . . . . . . . . . . . . . . . 2 . . . . . . . . . . . . . . . . . . Grunt 49 | . 7 . 6 6 . 5 15 . . . 1 . . . . . . . . . 4 . . . . . . 1 . . 4 . . . . . . . Brawler 3 | . . . . . . . 2 . . . . . . . . . . . . . . . . . . . . 1 . . . . . . . . . . Duelist 3 | . . . 1 . . 2 . . . . . . . . . . . . . . . . . . . . . . . . . . . . . . . . Researcher 1 | . . . . . . . . . . . . . . . . . . . . . . . . . . . . . . . . . . . . 1 . . Sentry 8 | . . . 5 . . . 3 . . . . . . . . . . . . . . . . . . . . . . . . . . . . . . . Hunter 1 | . . . . . . 1 . . . . . . . . . . . . . . . . . . . . . . . . . . . . . . . . Programmer 10 | . . . . . . . . . . . . . . . 1 1 . . . . . . . . . . . 1 . . . . . . 4 . 3 . Enhanced Grunt 1 | . . . . . . . . . . . . . . . . . . . 1 . . . . . . . . . . . . . . . . . . . Enhanced Q-Series 20 | . . . . . . . . . . . . . . . . . . . . . . . . . . . . . . . . . . . . . . 20 Decomposer 2 | . . . . . . . . . . . . . . . . . . . . . . . . . . . . . 2 . . . . . . . . . Packrat 1 | . . . . . . . . . . . 1 . . . . . . . . . . . . . . . . . . . . . . . . . . . Samaritan 2 | . . . . . . . . . . . . . . . . . . . . . 2 . . . . . . . . . . . . . . . . . Savage 1 | . . . . . . . . . . . . . . . . . . . 1 . . . . . . . . . . . . . . . . . . . Best Kill Streak 8 | . 4 3 6 3 . 5 8 2 . 3 2 3 . 4 3 3 . 1 2 7 3 . . . 1 . 2 8 . . 5 6 1 1 4 3 8 6 Combat Bots Only 8 | . 4 3 6 3 . 3 5 1 . 3 1 3 . 4 1 2 . . . 5 3 . . . . . . 8 . . 5 4 . . 4 . 5 6 Max Kills in Single Turn 5 | . 1 1 4 3 . 2 4 1 . 2 1 1 . 2 1 2 . 1 4 5 2 . . . 1 . 1 3 1 . 2 2 1 1 1 1 5 1 Gunslinging 1 | . . . . . . . 1 . . . . . . . . . . . . . . . . . . . . . . . . . . . . . . . Exploded 4 | . . . 4 3 . 2 2 . . 2 1 1 . 2 . 2 . . . 4 2 . . . . . . 3 . . 2 2 . . . . 4 . Melee 1 | . . . . . . . . 1 . . . . . . 1 1 . . . 1 . . . . . . . 1 . . 1 . . . 1 . 1 1 Uniques/NPCs Destroyed 1 | . . . . . . . . . . . . . . . . . . . . . . . . . . . . . . . . . . . . . . 1 MAIN.C Shell (-1/Command) Combat | -11 -10 -10 -9 -9 -9 -8 -8 -7 -7 -7 -7 -7 -7 -6 -6 -6 -6 -6 -6 -5 -5 -5 -5 -4 -4 -4 -4 -4 -4 -4 -3 -3 -3 -2 -2 -2 -1 -1 -------- Run | Yrd Mat Min Mat Min Exi Min Mat Fac Was Fac Low Low Dat Pro Fac Ext Cet Arc Hub Fac Upp Upp Zhi Pro Fac Was Fac Upp Upp War Pro Res Qua Res Tes Sec Acc Com Hostile Shots Fired 950 | . 55 11 115 6 . 46 92 8 . 42 4 4 5 15 7 19 . . . 7 22 2 . . 2 . 19 36 6 . 4 1 47 12 66 14 36 247 Missed 393 | . 23 2 35 2 . 11 24 6 . 24 3 . 3 4 6 8 . . . 2 8 2 . . 1 . 10 21 3 . 4 1 27 8 33 7 16 99 Damage Taken 12040 | . 313 76 982 50 . 771 1111 57 . 220 40 58 93 201 14 139 37 . 150 154 246 . . . 23 . 138 289 46 . . . 413 362 842 178 447 4590 Core 1997 | . 71 17 123 18 . 49 149 14 . 38 . 30 50 53 . 51 . . 29 107 34 . . . . . . 35 . . . . 41 56 293 52 95 592 Absorbed by Shields 271 | . . . . . . . . . . . . . . . . 23 11 . . . . . . . . . . . . . . . . . . . . 237 Redirected to Shielding 1193 | . . . . . . . . . . . . . . . 12 27 . . 41 20 33 . . . . . . 16 14 . . . 68 168 167 26 149 452 Ignored by Resistances 505 | . . . . . . . . . . . . . . . . . . . . . . . . . . . . . . . . . . . . . . 505 Regen/Repaired (Parts) 2669 | . 50 . . . . . . 67 . . . . . . 137 . . . . 364 . . . . 45 . 13 . . 25 . 267 119 236 . . 459 887 Core Remaining (%) 77 | 100 . 64 . . . 52 72 . . . . . . 73 . . . . 90 . . . . 85 . . . . . . 96 . 96 . . 63 . 57 Volleys Fired 343 | . 58 7 95 6 . 26 94 . . 3 3 3 . 8 . 4 . . 1 2 4 . . . . . . 9 . . 12 3 . . . . 5 . Largest 2 | . 2 2 2 2 . 2 2 . . 1 1 1 . 1 . 1 . . 1 1 1 . . . . . . 1 . . 1 1 . . . . 1 . Hottest 110 | . 110 76 79 46 . 46 104 . . 36 36 36 . 36 . 43 . . 43 80 80 . . . . . . 80 . . 80 80 . . . . 80 . Shots Fired 610 | . 116 14 183 8 . 46 186 . . 3 3 3 . 8 . 4 . . 1 2 4 . . . . . . 9 . . 12 3 . . . . 5 . Gun 444 | . 96 14 182 4 . 40 108 . . . . . . . . . . . . . . . . . . . . . . . . . . . . . . . Cannon 96 | . 20 . . . . . 76 . . . . . . . . . . . . . . . . . . . . . . . . . . . . . . . Launcher 70 | . . . 1 4 . 6 2 . . 3 3 3 . 8 . 4 . . 1 2 4 . . . . . . 9 . . 12 3 . . . . 5 . Special . | . . . . . . . . . . . . . . . . . . . . . . . . . . . . . . . . . . . . . . . Kinetic 341 | . 26 7 112 4 . 40 152 . . . . . . . . . . . . . . . . . . . . . . . . . . . . . . . Thermal 199 | . 90 7 70 . . . 32 . . . . . . . . . . . . . . . . . . . . . . . . . . . . . . . Explosive 70 | . . . 1 4 . 6 2 . . 3 3 3 . 8 . 4 . . 1 2 4 . . . . . . 9 . . 12 3 . . . . 5 . Electromagnetic . | . . . . . . . . . . . . . . . . . . . . . . . . . . . . . . . . . . . . . . . Robot Hit Streak 22 | . 11 8 15 6 . 12 22 . . 1 . . . . . . . . . . 1 . . . . . . 3 . . . . . . . . . . Robot Miss Streak 4 | . 4 3 3 . . 3 3 . . 1 1 . . . . . . . . . . . . . . . . . . . . . . . . . . . Penetration Max . | . . . . . . . . . . . . . . . . . . . . . . . . . . . . . . . . . . . . . . . Secondary Targets 5 | . 1 . 3 . . . 1 . . . . . . . . . . . . . . . . . . . . . . . . . . . . . . . Max Gunslinging Chain 1 | . 1 . 1 . . . 1 . . . . . . . . . . . . . . . . . . . . . . . . . . . . . . . Shots Hit Robots 727 | . 72 9 109 5 . 26 129 18 . 7 2 . 1 4 10 24 . 1 1 20 4 4 4 . 3 . 9 4 2 . 9 23 2 4 13 5 34 169 Core Hits 442 | . 33 4 47 9 . 22 51 4 . 8 4 3 . 14 5 9 . 1 11 17 12 1 1 . 1 . 4 25 1 . 26 17 2 3 6 2 26 73 Critical Kills 1 | . . . . . . . . 1 . . . . . . . . . . . . . . . . . . . . . . . . . . . . . . Critical Parts Destroyed 7 | . . . 1 . . . 2 . . . . . . . 1 1 . . . . . . . . . . . . . . 2 . . . . . . . Critical Strikes 50 | . 1 1 4 . . . 11 2 . . . . . . 1 3 . . . . . . . . . . . . . . 2 1 . . 2 . 5 17 Burn 12 | . 1 1 3 . . . 7 . . . . . . . . . . . . . . . . . . . . . . . . . . . . . . . Destroy 3 | . . . 1 . . . 2 . . . . . . . . . . . . . . . . . . . . . . . . . . . . . . . Blast 2 | . . . . . . . 2 . . . . . . . . . . . . . . . . . . . . . . . . . . . . . . . Smash 5 | . . . . . . . . 1 . . . . . . 1 1 . . . . . . . . . . . . . . 2 . . . . . . . Sever 28 | . . . . . . . . 1 . . . . . . . 2 . . . . . . . . . . . . . . . 1 . . 2 . 5 17 Melee Attacks 793 | . . . . . . . 1 63 . 24 3 . 17 4 20 33 6 1 8 64 3 4 4 . 7 . 33 3 6 3 22 52 20 69 24 21 76 202 Impact 98 | . . . . . . . . 57 . . . . . . 2 18 6 . . . . . . . . . . . . 3 12 . . . . . . . Slashing 691 | . . . . . . . . 6 . 24 3 . 17 4 18 15 . 1 8 63 3 3 4 . 7 . 33 3 6 . 10 52 20 69 23 21 76 202 Piercing 1 | . . . . . . . . . . . . . . . . . . . . . . 1 . . . . . . . . . . . . . . . . Sneak Attacks 74 | . . . . . . . 1 10 . 3 1 . 1 1 8 7 . 1 . 6 2 . . . . . 6 . 2 . . 10 . 2 1 2 4 6 Combat Hostiles 3 | . . . . . . . . . . . . . . . . . . . . . . . . . . . . . . . . . . . 1 . . 2 Follow-up Attacks 21 | . . . . . . . . . . . . . . . . 2 . . . . . . . . . . . . . . . . . . 3 . 2 14 Damage Inflicted 41664 | . 1079 170 2006 336 . 1118 3061 1239 . 674 283 290 83 679 918 2125 . 125 761 1639 876 274 492 . 178 . 823 1702 180 . 2037 2241 227 313 550 373 3499 11313 Guns 4163 | . 729 141 1737 42 . 275 1239 . . . . . . . . . . . . . . . . . . . . . . . . . . . . . . . Cannons 1528 | . 277 . . . . . 1251 . . . . . . . . . . . . . . . . . . . . . . . . . . . . . . . Explosions 9714 | . 52 . 246 294 . 824 481 . . 208 104 290 . 460 . 331 . . 698 336 573 . . . . . . 1619 . . 1312 411 . . . . 1475 . Melee 26077 | . . . . . . . . 1239 . 466 179 . 83 219 918 1794 . 125 63 1303 303 274 492 . 178 . 823 83 180 . 725 1830 227 313 550 373 2024 11313 Ramming 182 | . 21 29 23 . . 19 90 . . . . . . . . . . . . . . . . . . . . . . . . . . . . . . . Kinetic 3601 | . 136 69 1061 42 . 275 2018 . . . . . . . . . . . . . . . . . . . . . . . . . . . . . . . Thermal 2465 | . 870 72 676 . . . 586 . . . . . . . . . . . 261 . . . . . . . . . . . . . . . . . . . Explosive 8850 | . . . 246 294 . 824 367 . . 208 104 290 . 460 . 331 . . . 336 573 . . . . . . 1619 . . 1312 411 . . . . 1475 . Electromagnetic 489 | . 52 . . . . . . . . . . . . . . . . . 437 . . . . . . . . . . . . . . . . . . . Impact 2426 | . . . . . . . . 868 . . . . . . 65 1130 . . . . . . . . . . . . . . 363 . . . . . . . Slashing 23647 | . . . . . . . . 371 . 466 179 . 83 219 853 664 . 125 63 1303 303 270 492 . 178 . 823 83 180 . 362 1830 227 313 550 373 2024 11313 Piercing 4 | . . . . . . . . . . . . . . . . . . . . . . 4 . . . . . . . . . . . . . . . . Highest Corruption 9 | . . . . . . . 9 1 1 1 1 1 1 1 . 1 2 2 3 . . . . . . 8 8 1 1 1 . . . 5 5 5 2 8 Average Corruption 3 | . . . . . . . 6 1 1 1 1 1 1 1 . 1 1 2 2 . . . . . . 8 3 1 1 1 . . . 4 4 5 1 2 Corruption Purged 25 | . . . . . . . 5 . . . . . . . . . . . . . . . . . . . 8 . . . . . . . 3 . . 9 Corruption Blocked . | . . . . . . . . . . . . . . . . . . . . . . . . . . . . . . . . . . . . . . . Effects 132 | . . . . . . . 55 6 . 6 . . 1 1 . 3 3 1 2 . . . . . . . 12 . . . . . . 19 4 3 5 11 Message Errors 27 | . . . . . . . 6 2 . 2 . . 1 . . 1 1 1 . . . . . . . . 3 . . . . . . 5 1 2 . 2 Matter Fused 44 | . . . . . . . 22 1 . 1 . . . . . 1 2 . . . . . . . . . 4 . . . . . . 3 1 1 3 5 Heat Flow Errors 13 | . . . . . . . 4 . . . . . . . . 1 . . . . . . . . . . 1 . . . . . . 4 2 . . 1 Energy Discharges 15 | . . . . . . . 5 1 . 2 . . . 1 . . . . 1 . . . . . . . 1 . . . . . . 4 . . . . Parts Rejected 4 | . . . . . . . 1 . . 1 . . . . . . . . . . . . . . . . 1 . . . . . . . . . . 1 Parts Fused 1 | . . . . . . . 1 . . . . . . . . . . . . . . . . . . . . . . . . . . . . . . . Data Loss (minor) 21 | . . . . . . . 11 2 . . . . . . . . . . . . . . . . . . 2 . . . . . . 3 . . 2 1 Data Loss (major) 2 | . . . . . . . 2 . . . . . . . . . . . . . . . . . . . . . . . . . . . . . . . Misfires 2 | . . . . . . . 2 . . . . . . . . . . . . . . . . . . . . . . . . . . . . . . . Alerts 2 | . . . . . . . . . . . . . . . . . . . 1 . . . . . . . . . . . . . . . . . . 1 Weapon Failures 1 | . . . . . . . 1 . . . . . . . . . . . . . . . . . . . . . . . . . . . . . . . Overload Shots . | . . . . . . . . . . . . . . . . . . . . . . . . . . . . . . . . . . . . . . . Overflow Damage 4786 | . . . 18 . . 14 110 441 . 35 94 . . 67 324 423 . . 14 388 129 158 391 . 17 . 170 66 66 . 561 525 . 18 13 98 249 397 Projectiles 36 | . . . . . . . . . . . . . . . . . . . . . . . . . . . . . . . 36 . . . . . . . Explosions 345 | . . . 18 . . 14 110 . . . . . . . . 12 . . 14 19 . . . . . . . 66 . . 29 23 . . . . 40 . Melee 4405 | . . . . . . . . 441 . 35 94 . . 67 324 411 . . . 369 129 158 391 . 17 . 170 . 66 . 496 502 . 18 13 98 209 397 Knockbacks 27 | . 1 1 1 . . . 15 6 . . . . . . . 3 . . . . . . . . . . . . . . . . . . . . . . Impact 14 | . 1 1 1 . . . 2 6 . . . . . . . 3 . . . . . . . . . . . . . . . . . . . . . . Kinetic 12 | . . . . . . . 12 . . . . . . . . . . . . . . . . . . . . . . . . . . . . . . . Secondary 1 | . . . . . . . 1 . . . . . . . . . . . . . . . . . . . . . . . . . . . . . . . Self-Inflicted Damage 408 | . 24 . . . . 163 . . . 23 30 . . 17 . . . . 151 . . . . . . . . . . . . . . . . . . . Shots 9 | . 1 . . . . 3 . . . 1 1 . . 1 . . . . 2 . . . . . . . . . . . . . . . . . . . Rammed 23 | . 6 3 5 . . 2 7 . . . . . . . . . . . . . . . . . . . . . . . . . . . . . . . Targets Rammed 28 | . 7 5 6 . . 2 8 . . . . . . . . . . . . . . . . . . . . . . . . . . . . . . . Kicked . | . . . . . . . . . . . . . . . . . . . . . . . . . . . . . . . . . . . . . . . Crushed 5 | . 1 2 1 . . . 1 . . . . . . . . . . . . . . . . . . . . . . . . . . . . . . . Highest Temperature 295 | . 228 . 196 . . . 295 . . 4 1 . 14 21 24 186 . . 5 165 32 . . . . . 234 19 . . 18 . . 251 248 13 . 217 Average Temperature 59 | . 72 . 47 . . . 67 . . 4 1 . 9 11 15 80 . . 5 63 12 . . . . . 103 13 . . 6 . . 99 85 5 . 74 Received Heat Transfer 1903 | . 60 . 156 27 . 153 621 . . 78 . . . 39 . 27 . . . . 69 . . . . . 64 39 . . . . 54 . 63 27 9 417 Siege Activations . | . . . . . . . . . . . . . . . . . . . . . . . . . . . . . . . . . . . . . . . Robots Corrupted . | . . . . . . . . . . . . . . . . . . . . . . . . . . . . . . . . . . . . . . . Combat Hostiles . | . . . . . . . . . . . . . . . . . . . . . . . . . . . . . . . . . . . . . . . Parts Fried 32 | . . . . . . . . 12 . . . . . . . 7 . . 3 . . . . . . . . . . . 7 . . . . . . 3 Impact Corruptions 52 | . . . . . . . . 13 . . . . . . 2 15 . . . . . . . . . . . . . . 22 . . . . . . . Robots Melted . | . . . . . . . . . . . . . . . . . . . . . . . . . . . . . . . . . . . . . . . Combat Hostiles . | . . . . . . . . . . . . . . . . . . . . . . . . . . . . . . . . . . . . . . . Parts Melted 12 | . 6 1 2 . . . 3 . . . . . . . . . . . . . . . . . . . . . . . . . . . . . . . Heat Transferred 5869 | . 2128 222 1665 . . . 1604 . . . . . . . . . . . 250 . . . . . . . . . . . . . . . . . . . Parts Sabotaged 2 | . . . . . . . . . . . . . . . . . . . . . . . . . . . . . . . . . . . 2 . . . Parts Stolen . | . . . . . . . . . . . . . . . . . . . . . . . . . . . . . . . . . . . . . . . Parts Stripped . | . . . . . . . . . . . . . . . . . . . . . . . . . . . . . . . . . . . . . . . Power Chain Reactions 1 | . . . . . . . . . . . . . . . . . . . 1 . . . . . . . . . . . . . . . . . . . Alert | -11 -10 -10 -9 -9 -9 -8 -8 -7 -7 -7 -7 -7 -7 -6 -6 -6 -6 -6 -6 -5 -5 -5 -5 -4 -4 -4 -4 -4 -4 -4 -3 -3 -3 -2 -2 -2 -1 -1 ------- Run | Yrd Mat Min Mat Min Exi Min Mat Fac Was Fac Low Low Dat Pro Fac Ext Cet Arc Hub Fac Upp Upp Zhi Pro Fac Was Fac Upp Upp War Pro Res Qua Res Tes Sec Acc Com Peak Influence 2350 | . 319 70 364 210 . 190 295 303 83 288 . . . . 340 564 602 453 658 532 . . . . 79 57 272 . . . . 515 1970 1216 2350 1915 1206 968 Initial 1321 | . . . 27 2 . . 21 133 68 58 . . . . 201 66 242 240 158 322 . . . . . 27 39 . . . . 441 41 1107 194 1321 1148 676 Average 283 | . 92 3 158 128 . 71 88 144 77 160 . . . . 217 301 392 412 355 374 . . . . 35 45 114 . . . . 180 1737 582 1779 1734 902 624 Maximum Alert Level 5 | . 1 . 1 1 . . 1 1 . 1 . . . . 1 2 2 2 2 2 . . . . . . 1 . . . . 2 5 4 5 5 4 3 Low Security (%) 57 | 100 90 100 61 66 . 100 88 76 100 61 . . . . 15 21 . . 12 1 . . . . 100 100 77 . . . . 62 . 34 . . . 69 Level 1 23 | . 9 . 38 33 . . 11 23 . 38 . . . . 84 41 60 29 41 65 . . . . . . 22 . . . . 6 . 22 . . . . Level 2 8 | . . . . . . . . . . . . . . . . 36 39 70 46 33 . . . . . . . . . . . 31 . . . . 21 1 Level 3 3 | . . . . . . . . . . . . . . . . . . . . . . . . . . . . . . . . . . 1 . . 49 28 Level 4 3 | . . . . . . . . . . . . . . . . . . . . . . . . . . . . . . . . . . 41 . . 28 . Level 5 . | . . . . . . . . . . . . . . . . . . . . . . . . . . . . . . . . . . . . . . . High Security . | . . . . . . . . . . . . . . . . . . . . . . . . . . . . . . . . . . . . . . . Max Security 3 | . . . . . . . . . . . . . . . . . . . . . . . . . . . . . . . . . 99 . 99 99 . . Squads Dispatched 81 | . 3 . 2 . . . 2 6 . 7 . . . . 4 . . . 1 10 . . . . . . 4 . . . . 7 6 3 12 7 7 . Investigation 30 | . 1 . . . . . . 5 . 7 . . . . 3 . . . . 5 . . . . . . 1 . . . . 3 . 2 . . 3 . Extermination 11 | . . . . . . . . 1 . . . . . . 1 . . . . 2 . . . . . . 2 . . . . 2 . 1 . . 2 . Reinforcement 16 | . 2 . 2 . . . 2 . . . . . . . . . . . 1 3 . . . . . . 1 . . . . 2 . . . 1 2 . Assault 24 | . . . . . . . . . . . . . . . . . . . . . . . . . . . . . . . . . 6 . 12 6 . . Garrison . | . . . . . . . . . . . . . . . . . . . . . . . . . . . . . . . . . . . . . . . Intercept . | . . . . . . . . . . . . . . . . . . . . . . . . . . . . . . . . . . . . . . . Searches Triggered 3 | . . . . . . . . . . . . . . . . . . . . 2 . . . . . . . . . . . 1 . . . . . . Construction Impeded 1 | . . . . . . . . . . . . . . . . . . . . . . . . . . . . . . . . . . . . . 1 . Haulers Reinforced . | . . . . . . . . . . . . . . . . . . . . . . . . . . . . . . . . . . . . . . . Active Scanning Responses . | . . . . . . . . . . . . . . . . . . . . . . . . . . . . . . . . . . . . . . . Cargo Convoy Interrupts 1 | . . . . . . . . 1 . . . . . . . . . . . . . . . . . . . . . . . . . . . . . . Stealth | -11 -10 -10 -9 -9 -9 -8 -8 -7 -7 -7 -7 -7 -7 -6 -6 -6 -6 -6 -6 -5 -5 -5 -5 -4 -4 -4 -4 -4 -4 -4 -3 -3 -3 -2 -2 -2 -1 -1 --------- Run | Yrd Mat Min Mat Min Exi Min Mat Fac Was Fac Low Low Dat Pro Fac Ext Cet Arc Hub Fac Upp Upp Zhi Pro Fac Was Fac Upp Upp War Pro Res Qua Res Tes Sec Acc Com Distress Signals 35 | . 1 . 2 . . . 3 1 . 1 1 . . . . 2 1 . . 1 . . . . . . 2 . . . . . . 4 2 . 1 13 Communications Jammed . | . . . . . . . . . . . . . . . . . . . . . . . . . . . . . . . . . . . . . . . Distress Signals . | . . . . . . . . . . . . . . . . . . . . . . . . . . . . . . . . . . . . . . . Times Spotted 565 | . 36 3 37 6 . 10 40 22 6 19 2 2 4 11 13 15 7 1 6 22 11 3 . . 2 5 24 8 4 . 11 16 37 26 55 19 24 58 Peak Tracking Total 44 | . 6 3 4 3 . 3 5 5 6 6 1 2 4 7 4 3 5 1 2 6 6 3 . . 1 5 10 6 4 . 5 3 22 6 44 16 9 14 Tactical Retreats 81 | . 8 . . . . 1 2 7 . 7 . . . 4 4 . 1 . . 6 2 2 . . 1 . 8 . . . . 1 4 9 4 2 5 3 Traps | -11 -10 -10 -9 -9 -9 -8 -8 -7 -7 -7 -7 -7 -7 -6 -6 -6 -6 -6 -6 -5 -5 -5 -5 -4 -4 -4 -4 -4 -4 -4 -3 -3 -3 -2 -2 -2 -1 -1 ------- Run | Yrd Mat Min Mat Min Exi Min Mat Fac Was Fac Low Low Dat Pro Fac Ext Cet Arc Hub Fac Upp Upp Zhi Pro Fac Was Fac Upp Upp War Pro Res Qua Res Tes Sec Acc Com Traps Triggered 21 | . . . 2 . . . 2 3 . . . . . . 1 2 . . . 3 . . . . 1 . 3 . . . . . 1 1 . 1 1 . Indirectly . | . . . . . . . . . . . . . . . . . . . . . . . . . . . . . . . . . . . . . . . Trap Hack Attempts 109 | . . . . . . . 88 . . . . . . . . . . . 2 . . . . . . . . . . . . 19 . . . . . . Triggered 1 | . . . . . . . . . . . . . . . . . . . . . . . . . . . . . . . . 1 . . . . . . Disarmed . | . . . . . . . . . . . . . . . . . . . . . . . . . . . . . . . . . . . . . . . Reprogrammed 15 | . . . . . . . 4 . . . . . . . . . . . 1 . . . . . . . . . . . . 10 . . . . . . Reused 2 | . . . . . . . . 2 . . . . . . . . . . . . . . . . . . . . . . . . . . . . . . Traps Extracted 14 | . . . . . . . 4 2 . 2 . . . . . . . . 2 . . . . . . . . . . . . 4 . . . . . . Installed 7 | . . . . . . . . 4 . 2 . . . . . . . . 1 . . . . . . . . . . . . . . . . . . . Triggered 13 | . . . . . . . . 2 . . . . . . . . . . . . . . . . . . . 2 . 6 2 . . . . . . 1 Most Traps Carried 4 | . . . . . . . 4 4 2 2 2 2 2 2 2 2 2 2 2 1 1 1 1 1 1 1 1 1 1 1 1 4 4 4 4 4 . . Machines | -11 -10 -10 -9 -9 -9 -8 -8 -7 -7 -7 -7 -7 -7 -6 -6 -6 -6 -6 -6 -5 -5 -5 -5 -4 -4 -4 -4 -4 -4 -4 -3 -3 -3 -2 -2 -2 -1 -1 ---------- Run | Yrd Mat Min Mat Min Exi Min Mat Fac Was Fac Low Low Dat Pro Fac Ext Cet Arc Hub Fac Upp Upp Zhi Pro Fac Was Fac Upp Upp War Pro Res Qua Res Tes Sec Acc Com Machines Disabled 42 | . 2 . 1 4 . . 3 . . 2 . . 1 . . . 2 4 8 . . . . . . . . . . . . 1 4 . 4 5 1 . Max in Single Turn 7 | . 1 . 1 4 . . 2 . . 1 . . 1 . . . 1 . 7 . . . . . . . . . . . . 1 1 . 1 1 1 . Garrison Access 17 | . . . . . . . . 1 . 2 . . . . 1 . . . . 1 . . . . 2 . 3 . . . . 1 . 4 . . 2 . Network Hub 1 | . . . . . . . . . . . . . . . . . . . 1 . . . . . . . . . . . . . . . . . . . Machines Repaired . | . . . . . . . . . . . . . . . . . . . . . . . . . . . . . . . . . . . . . . . Machines Dismantled . | . . . . . . . . . . . . . . . . . . . . . . . . . . . . . . . . . . . . . . . Machines Sabotaged . | . . . . . . . . . . . . . . . . . . . . . . . . . . . . . . . . . . . . . . . Overloaded Fab Kills . | . . . . . . . . . . . . . . . . . . . . . . . . . . . . . . . . . . . . . . . Hacking | -11 -10 -10 -9 -9 -9 -8 -8 -7 -7 -7 -7 -7 -7 -6 -6 -6 -6 -6 -6 -5 -5 -5 -5 -4 -4 -4 -4 -4 -4 -4 -3 -3 -3 -2 -2 -2 -1 -1 --------- Run | Yrd Mat Min Mat Min Exi Min Mat Fac Was Fac Low Low Dat Pro Fac Ext Cet Arc Hub Fac Upp Upp Zhi Pro Fac Was Fac Upp Upp War Pro Res Qua Res Tes Sec Acc Com Machines Accessed 206 | . 8 1 7 . 2 . 7 18 . 17 . 1 4 . 14 11 2 . 4 17 1 . 4 . 7 . 12 . 1 11 . 18 . 20 . . 14 5 Terminals 112 | . 7 . 6 . . . 7 11 . 11 . . . . 7 11 2 . 3 6 . . . . 2 . 6 . . . . 11 . 10 . . 8 4 Fabricators 25 | . . . . . . . . 4 . 4 . . . . 3 . . . . 5 . . . . 1 . 1 . . . . 3 . 2 . . 2 . Repair Stations 15 | . 1 . . . . . . 1 . . . . . . 2 . . . . 3 . . . . 2 . 1 . . . . 1 . 2 . . 1 1 Recycling Units 3 | . . . . . . . . . . . . . . . . . . . . 1 . . . . . . . . . . . 1 . 1 . . . . Scanalyzers 8 | . . . 1 . . . . 1 . . . . . . 1 . . . . 1 . . . . . . 1 . . . . 1 . 1 . . 1 . Garrison Access 18 | . . . . . . . . 1 . 2 . . . . 1 . . . 1 1 . . . . 2 . 3 . . . . 1 . 4 . . 2 . Total Hacks 605 | . 28 1 16 . 2 . 16 41 . 52 . 1 30 . 41 16 2 . 18 60 1 . 17 . 20 . 33 . 1 15 . 71 . 57 . . 48 18 Successful 447 | . 15 1 8 . 2 . 9 25 . 32 . 1 30 . 33 12 2 . 14 43 1 . 17 . 14 . 22 . 1 15 . 53 . 47 . . 37 13 Failed 156 | . 13 . 8 . . . 7 16 . 20 . . . . 8 4 . . 3 17 . . . . 6 . 10 . . . . 18 . 10 . . 11 5 Catastrophic 18 | . . . . . . . 3 2 . 3 . . . . 1 . . . . 2 . . . . . . 2 . . . . 1 . 1 . . 1 2 Database Lockouts 2 | . . . . . . . . . . . . . . . . . . . 1 . . . . . . . 1 . . . . . . . . . . . Manual 288 | . 19 . 5 . 1 . 11 19 . 39 . . . . 25 3 1 . 16 31 . . . . 5 . 21 . . . . 41 . 32 . . 10 9 Terminals 329 | . 26 . 14 . . . 16 21 . 34 . . . . 19 16 2 . 14 25 . . . . 6 . 23 . . . . 42 . 35 . . 26 10 Fabricators 91 | . . . . . . . . 13 . 15 . . . . 11 . . . . 15 . . . . 3 . 3 . . . . 12 . 10 . . 9 . Repair Stations 61 | . 2 . . . . . . 3 . . . . . . 6 . . . . 16 . . . . 6 . 2 . . . . 7 . 4 . . 7 8 Recycling Units 3 | . . . . . . . . . . . . . . . . . . . . 1 . . . . . . . . . . . 1 . 1 . . . . Scanalyzers 27 | . . . 2 . . . . 3 . . . . . . 4 . . . . 2 . . . . . . 2 . . . . 8 . 3 . . 3 . Garrison Access 26 | . . . . . . . . 1 . 3 . . . . 1 . . . 4 1 . . . . 5 . 3 . . . . 1 . 4 . . 3 . Terminal Hacks 219 | . 10 1 5 . 2 . 5 6 . 9 . 1 30 . 6 12 2 . 8 13 1 . 17 . 3 . 8 . 1 15 . 24 . 19 . . 17 4 Record 33 | . 1 . . . 1 . . . . . . . 11 . . . 1 . . 1 . . 5 . . . . . . 13 . . . . . . . . Part Schematic 32 | . 1 . . . . . . 2 . 1 . . 12 . 2 . . . . 2 . . 4 . 1 . 1 . . . . 5 . 1 . . . . Robot Schematic 4 | . . . . . . . . . . . . . 4 . . . . . . . . . . . . . . . . . . . . . . . . . Robot Analysis 7 | . 2 . . . . . . . . . . . . . . . . . 1 . . . 4 . . . . . . . . . . . . . . . Prototype ID Bank 15 | . 3 . 2 . . . 2 . . . . . 3 . . . . . 1 . . . 4 . . . . . . . . . . . . . . . Open Door 21 | . . 1 . . . . . . . . . 1 . . . 10 1 . . . 1 . . . . . . . 1 2 . . . . . . 4 . Level Access Points 1 | . . . . . . . . . . . . . . . . . . . 1 . . . . . . . . . . . . . . . . . . . Branch Access Points 10 | . . . . . . . . . . 1 . . . . 1 . . . 1 1 . . . . 1 . 2 . . . . 1 . 1 . . 1 . Machine Index 4 | . . . . . . . . . . . . . . . 1 . . . . 1 . . . . . . 1 . . . . . . 1 . . . . Terminal Index 8 | . . . . . . . . 1 . 1 . . . . . 1 . . 1 . . . . . 1 . . . . . . . . 1 . . 1 1 Fabricator Index 1 | . . . . . . . . 1 . . . . . . . . . . . . . . . . . . . . . . . . . . . . . . Repair Station Index 2 | . . . . . . . . . . . . . . . . . . . . . . . . . . . . . . . . . . . . . 1 1 Garrison Index 1 | . . . . . . . . . . . . . . . . . . . . . . . . . . . . . . . . . . . . . 1 . Alert Level 5 | . . . . . . . . . . . . . . . . . . . . . . . . . . . . . . . . 1 . 3 . . 1 . Unreport Threat 28 | . 2 . 2 . . . 2 . . . . . . . 1 . . . . . . . . . . . . . . . . 7 . 8 . . 6 . Locate Traps 10 | . 1 . 1 . . . 1 . . . . . . . . 1 . . 1 . . . . . . . 2 . . . . . . 1 . . 1 1 Dispatch Records 3 | . . . . . . . . . . 1 . . . . . . . . . . . . . . . . . . . . . 1 . 1 . . . . Recall Investigation 10 | . . . . . . . . . . 4 . . . . . . . . . 3 . . . . . . . . . . . 2 . 1 . . . . Recall Extermination 8 | . . . . . . . . 1 . . . . . . . . . . . 2 . . . . . . 2 . . . . 1 . 1 . . 1 . Recall Reinforcements 3 | . . . . . . . . . . . . . . . . . . . . 1 . . . . . . . . . . . 2 . . . . . . Hauler Manifests 5 | . . . . . . . . 1 . 1 . . . . . . . . 1 . . . . . . . . . . . . 2 . . . . . . Zone Layout 7 | . . . . . . . . . . . . . . . 1 . . . 1 2 . . . . . . . . . . . 2 . . . . . 1 Derelict Proto ID Bank 1 | . . . . . 1 . . . . . . . . . . . . . . . . . . . . . . . . . . . . . . . . . Fabricator Hacks 50 | . . . . . . . . 8 . 9 . . . . 6 . . . . 6 . . . . 1 . 2 . . . . 6 . 7 . . 5 . Network Status 4 | . . . . . . . . . . 1 . . . . . . . . . . . . . . 1 . . . . . . . . 1 . . 1 . Load Schematic 24 | . . . . . . . . 4 . 4 . . . . 3 . . . . 3 . . . . . . 1 . . . . 4 . 3 . . 2 . Build 22 | . . . . . . . . 4 . 4 . . . . 3 . . . . 3 . . . . . . 1 . . . . 2 . 3 . . 2 . Repair Station Hacks 52 | . 2 . . . . . . 2 . . . . . . 6 . . . . 14 . . . . 6 . 2 . . . . 4 . 4 . . 6 6 Scan Component 26 | . 1 . . . . . . 1 . . . . . . 3 . . . . 7 . . . . 3 . 1 . . . . 2 . 2 . . 3 3 Repair 26 | . 1 . . . . . . 1 . . . . . . 3 . . . . 7 . . . . 3 . 1 . . . . 2 . 2 . . 3 3 Recycling Unit Hacks . | . . . . . . . . . . . . . . . . . . . . . . . . . . . . . . . . . . . . . . . Scanalyzer 25 | . . . 2 . . . . 2 . . . . . . 4 . . . . 2 . . . . . . 2 . . . . 7 . 3 . . 3 . Insert Component 14 | . . . 1 . . . . 1 . . . . . . 2 . . . . 1 . . . . . . 1 . . . . 2 . 3 . . 3 . Analyze 11 | . . . 1 . . . . 1 . . . . . . 2 . . . . 1 . . . . . . 1 . . . . 5 . . . . . . Garrison Access Hacks 17 | . . . . . . . . 1 . 2 . . . . 1 . . . . 1 . . . . 2 . 3 . . . . 1 . 4 . . 2 . Seal Access 17 | . . . . . . . . 1 . 2 . . . . 1 . . . . 1 . . . . 2 . 3 . . . . 1 . 4 . . 2 . Unauthorized Hacks 84 | . 3 . 1 . . . 4 6 . 12 . . . . 10 . . . 6 7 . . . . 2 . 5 . . . . 11 . 10 . . 4 3 Terminals 52 | . 3 . 1 . . . 4 4 . 8 . . . . 6 . . . 3 1 . . . . 2 . 4 . . . . 4 . 7 . . 2 3 Track 1 | . . . . . . . . . . . . . . . . . . . . . . . . . . . . . . . . . . 1 . . . . Assimilate 17 | . . . . . . . . 1 . 4 . . . . 3 . . . 1 1 . . . . . . 1 . . . . 2 . 3 . . . 1 Botnet 26 | . 2 . 1 . . . 1 2 . 2 . . . . 3 . . . 1 . . . . . 2 . 3 . . . . 2 . 3 . . 2 2 Disrupt 1 | . . . . . . . . . . 1 . . . . . . . . . . . . . . . . . . . . . . . . . . . . Operators 7 | . 1 . . . . . 3 1 . 1 . . . . . . . . 1 . . . . . . . . . . . . . . . . . . . Fabricators 26 | . . . . . . . . 2 . 4 . . . . 4 . . . . 5 . . . . . . 1 . . . . 6 . 2 . . 2 . Prioritize 21 | . . . . . . . . 2 . 4 . . . . 3 . . . . 4 . . . . . . 1 . . . . 3 . 2 . . 2 . Liberate 1 | . . . . . . . . . . . . . . . 1 . . . . . . . . . . . . . . . . . . . . . . . Haulers 1 | . . . . . . . . . . . . . . . . . . . . . . . . . . . . . . . . 1 . . . . . . Download 1 | . . . . . . . . . . . . . . . . . . . . 1 . . . . . . . . . . . . . . . . . . Recompile 2 | . . . . . . . . . . . . . . . . . . . . . . . . . . . . . . . . 2 . . . . . . Repair Stations . | . . . . . . . . . . . . . . . . . . . . . . . . . . . . . . . . . . . . . . . Recycling Units 3 | . . . . . . . . . . . . . . . . . . . . 1 . . . . . . . . . . . 1 . 1 . . . . Recyclers 3 | . . . . . . . . . . . . . . . . . . . . 1 . . . . . . . . . . . 1 . 1 . . . . Scanalyzers . | . . . . . . . . . . . . . . . . . . . . . . . . . . . . . . . . . . . . . . . Garrison Access 3 | . . . . . . . . . . . . . . . . . . . 3 . . . . . . . . . . . . . . . . . . . Broadcast 1 | . . . . . . . . . . . . . . . . . . . 1 . . . . . . . . . . . . . . . . . . . Redirect 1 | . . . . . . . . . . . . . . . . . . . 1 . . . . . . . . . . . . . . . . . . . Intercept 1 | . . . . . . . . . . . . . . . . . . . 1 . . . . . . . . . . . . . . . . . . . Data Cores Recovered 6 | . . . 1 . . . . . . . . . . . 1 . . . 2 1 . . . . . . . . . . . 1 . . . . . . Used . | . . . . . . . . . . . . . . . . . . . . . . . . . . . . . . . . . . . . . . . Hacking Detections 109 | . 6 . 5 . . . 7 15 . 13 . . . . 10 2 1 . 2 7 . . . . 3 . 6 . . . . 11 . 11 . . 7 3 Full Trace Events 23 | . 1 . . . . . . 4 . 7 . . . . 3 . . . . 2 . . . . . . 1 . . . . 1 . 2 . . 2 . Feedback Events . | . . . . . . . . . . . . . . . . . . . . . . . . . . . . . . . . . . . . . . . Feedback Blocked . | . . . . . . . . . . . . . . . . . . . . . . . . . . . . . . . . . . . . . . . Robot Schematics Acquired 4 | . . . . . . . . . . . . . 4 . . . . . . . . . . . . . . . . . . . . . . . . . Robots Built . | . . . . . . . . . . . . . . . . . . . . . . . . . . . . . . . . . . . . . . . Authchips . | . . . . . . . . . . . . . . . . . . . . . . . . . . . . . . . . . . . . . . . Time . | . . . . . . . . . . . . . . . . . . . . . . . . . . . . . . . . . . . . . . . Total Robot Build Rating . | . . . . . . . . . . . . . . . . . . . . . . . . . . . . . . . . . . . . . . . Part Schematics Acquired 41 | . 1 . 1 . . . . 3 . 1 . . 12 . 4 . . . . 4 . . 4 . 1 . 2 . . . . 6 . 1 . 1 . . Parts Built 22 | . . . . . . . . 4 . 4 . . . . 3 . . . . 3 . . . . . . 1 . . . . 2 . 3 . . 2 . Authchips 2 | . . . . . . . . . . . . . . . . . . . . . . . . . . . . . . . . 1 . 1 . . . . Time 1058 | . . . . . . . . 196 . 206 . . . . 129 . . . . 161 . . . . . . 76 . . . . 99 . 135 . . 56 . Total Part Build Rating 129 | . . . . . . . . 20 . 23 . . . . 16 . . . . 19 . . . . . . 5 . . . . 14 . 20 . . 12 . Parts Repaired 24 | . 1 . . . . . . 1 . . . . . . 3 . . . . 7 . . . . 1 . 1 . . . . 2 . 2 . . 3 3 Time 1220 | . 26 . . . . . . 19 . . . . . . 177 . . . . 459 . . . . 210 . 22 . . . . 65 . 73 . . 88 81 Parts Recycled . | . . . . . . . . . . . . . . . . . . . . . . . . . . . . . . . . . . . . . . . Recycled Matter . | . . . . . . . . . . . . . . . . . . . . . . . . . . . . . . . . . . . . . . . Retrieved Matter . | . . . . . . . . . . . . . . . . . . . . . . . . . . . . . . . . . . . . . . . Retrieved Components . | . . . . . . . . . . . . . . . . . . . . . . . . . . . . . . . . . . . . . . . Parts Scanalyzed 7 | . . . 1 . . . . 1 . . . . . . 2 . . . . 1 . . . . . . 1 . . . . 1 . . . . . . Part Schematics Acquired 7 | . . . 1 . . . . 1 . . . . . . 2 . . . . 1 . . . . . . 1 . . . . 1 . . . . . . Parts Damaged . | . . . . . . . . . . . . . . . . . . . . . . . . . . . . . . . . . . . . . . . Bothacking | -11 -10 -10 -9 -9 -9 -8 -8 -7 -7 -7 -7 -7 -7 -6 -6 -6 -6 -6 -6 -5 -5 -5 -5 -4 -4 -4 -4 -4 -4 -4 -3 -3 -3 -2 -2 -2 -1 -1 ------------ Run | Yrd Mat Min Mat Min Exi Min Mat Fac Was Fac Low Low Dat Pro Fac Ext Cet Arc Hub Fac Upp Upp Zhi Pro Fac Was Fac Upp Upp War Pro Res Qua Res Tes Sec Acc Com Used RIF Installer . | . . . . . . . . . . . . . . . . . . . . . . . . . . . . . . . . . . . . . . . Robots Hacked 1 | . . . . . . . . . . . . . . . . . . . . 1 . . . . . . . . . . . . . . . . . . Non-combat 1 | . . . . . . . . . . . . . . . . . . . . 1 . . . . . . . . . . . . . . . . . . Combat . | . . . . . . . . . . . . . . . . . . . . . . . . . . . . . . . . . . . . . . . Robot Hacks Applied 1 | . . . . . . . . . . . . . . . . . . . . 1 . . . . . . . . . . . . . . . . . . no_distress 1 | . . . . . . . . . . . . . . . . . . . . 1 . . . . . . . . . . . . . . . . . . Relay Couplers Released . | . . . . . . . . . . . . . . . . . . . . . . . . . . . . . . . . . . . . . . . Fabnet Peak Effective % . | . . . . . . . . . . . . . . . . . . . . . . . . . . . . . . . . . . . . . . . Robots Rewired 9 | . . . . . . . . . . . . . . . . 8 . . . . . . . . . . . . . . . . . . 1 . . . Allies Hacked 1 | . . . . . . . . . . . . . . . . . . . . . . . . . . . . . . . . 1 . . . . . . Hacks Repelled . | . . . . . . . . . . . . . . . . . . . . . . . . . . . . . . . . . . . . . . . Allies | -11 -10 -10 -9 -9 -9 -8 -8 -7 -7 -7 -7 -7 -7 -6 -6 -6 -6 -6 -6 -5 -5 -5 -5 -4 -4 -4 -4 -4 -4 -4 -3 -3 -3 -2 -2 -2 -1 -1 -------- Run | Yrd Mat Min Mat Min Exi Min Mat Fac Was Fac Low Low Dat Pro Fac Ext Cet Arc Hub Fac Upp Upp Zhi Pro Fac Was Fac Upp Upp War Pro Res Qua Res Tes Sec Acc Com Total Allies 44 | . . . . . . . . 1 1 3 . . . . 4 23 5 . . . . . . . . . 1 . . . . 2 . 2 1 . . 1 Largest Group 11 | . . . . . . . . 1 1 1 . . . . 4 11 11 10 8 4 . . . . . . 1 . . . . 1 . 1 1 . . 1 Highest-Rated Group 749 | . . . . . . . . 10 31 26 . . . . 118 476 749 749 548 384 . . . . . . 26 . . . . 45 . 26 152 . . 45 Highest-Rated Ally 159 | . . . . . . . . 10 31 26 . . . . 41 159 159 159 96 96 . . . . . . 26 . . . . 45 . 26 152 . . 45 Total Orders 6 | . . . . . . . . . . . . . . . . . . 3 1 1 . . . . . . . . . . . . . . 1 . . . STAY 3 | . . . . . . . . . . . . . . . . . . . 1 1 . . . . . . . . . . . . . . 1 . . . ROAM 1 | . . . . . . . . . . . . . . . . . . 1 . . . . . . . . . . . . . . . . . . . . FOLLOW 2 | . . . . . . . . . . . . . . . . . . 2 . . . . . . . . . . . . . . . . . . . . Ally Attacks 279 | . . . . . . . . . . . . . . . 7 153 61 32 15 . . . . . . . . . . . . . . . 11 . . . Total Damage 6495 | . . . . . . . . . . . . . . . 344 2619 1581 924 655 . . . . . . . . . . . . . . . 372 . . . Kills 49 | . . . . . . . . . . . . . . . 1 22 12 4 8 . . . . . . . . . . . . . . . 2 . . . Allies Corrupted . | . . . . . . . . . . . . . . . . . . . . . . . . . . . . . . . . . . . . . . . Allies Melted 6 | . . . . . . . . . . . . . . . . . . . . . . . . . . . . . . . . . . . . . . 6 Intel | -11 -10 -10 -9 -9 -9 -8 -8 -7 -7 -7 -7 -7 -7 -6 -6 -6 -6 -6 -6 -5 -5 -5 -5 -4 -4 -4 -4 -4 -4 -4 -3 -3 -3 -2 -2 -2 -1 -1 ------- Run | Yrd Mat Min Mat Min Exi Min Mat Fac Was Fac Low Low Dat Pro Fac Ext Cet Arc Hub Fac Upp Upp Zhi Pro Fac Was Fac Upp Upp War Pro Res Qua Res Tes Sec Acc Com Robot Analysis Total 7 | . 2 . . . . . . . . . . . . . . . . . 1 . . . 4 . . . . . . . . . . . . . . . Derelict Logs Recovered 10 | . . . . 1 . . . . . . 1 1 . 1 . . . . . . 1 2 . 2 . . . 1 . . . . . . . . . . Drone Launches . | . . . . . . . . . . . . . . . . . . . . . . . . . . . . . . . . . . . . . . . Drone Recoveries . | . . . . . . . . . . . . . . . . . . . . . . . . . . . . . . . . . . . . . . . Exploration | -11 -10 -10 -9 -9 -9 -8 -8 -7 -7 -7 -7 -7 -7 -6 -6 -6 -6 -6 -6 -5 -5 -5 -5 -4 -4 -4 -4 -4 -4 -4 -3 -3 -3 -2 -2 -2 -1 -1 ------------- Run | Yrd Mat Min Mat Min Exi Min Mat Fac Was Fac Low Low Dat Pro Fac Ext Cet Arc Hub Fac Upp Upp Zhi Pro Fac Was Fac Upp Upp War Pro Res Qua Res Tes Sec Acc Com Turns Passed 20428 | 5 1615 444 1675 266 490 670 2177 1687 23 664 88 89 121 233 584 1033 268 135 160 1252 244 100 106 65 140 17 1031 104 134 242 225 978 183 955 239 171 662 1153 Spaces Moved 28491 | 1 832 234 813 107 305 361 777 2661 86 1395 278 308 205 636 1261 1063 243 222 361 1729 553 287 269 324 342 74 1314 332 429 798 575 1772 550 1857 787 542 1905 1903 Core . | . . . . . . . . . . . . . . . . . . . . . . . . . . . . . . . . . . . . . . . Treads 3437 | 1 832 234 813 107 305 361 777 7 . . . . . . . . . . . . . . . . . . . . . . . . . . . . . . Legs . | . . . . . . . . . . . . . . . . . . . . . . . . . . . . . . . . . . . . . . . Wheels . | . . . . . . . . . . . . . . . . . . . . . . . . . . . . . . . . . . . . . . . Hover . | . . . . . . . . . . . . . . . . . . . . . . . . . . . . . . . . . . . . . . . Flight 25054 | . . . . . . . . 2654 86 1395 278 308 205 636 1261 1063 243 222 361 1729 553 287 269 324 342 74 1314 332 429 798 575 1772 550 1857 787 542 1905 1903 Fastest Speed 6 | 160 160 160 160 160 160 160 160 26 26 26 26 26 14 26 14 14 23 23 23 6 20 29 20 20 20 20 11 20 20 20 20 20 6 6 7 15 14 7 Average Speed 37 | 160 160 160 160 160 160 160 178 27 26 26 26 26 25 26 22 23 23 23 23 19 23 29 21 20 20 20 19 20 20 20 20 20 19 16 15 15 14 14 Slowest Speed 240 | 160 160 160 160 160 160 240 240 162 26 26 26 26 26 26 23 96 23 23 23 20 29 29 29 20 20 20 20 20 20 20 20 20 20 20 93 15 15 85 Overloaded Moves 301 | . . . . . . . . . . . . . 6 . 5 1 . . . 14 . . . . . . 27 . . . . . 15 23 79 . . 131 Propulsion Burnouts . | . . . . . . . . . . . . . . . . . . . . . . . . . . . . . . . . . . . . . . . Robots Hopped 49 | . . . . . . . . 1 . 5 . . . . . 4 . . . 9 . . . . 1 . 1 3 . . . 6 . 7 6 . 5 1 Cave-ins Triggered 1 | . . . . . . . . . . . . . . . . . . . . . . . . . . . . . . . . . . 1 . . . . Teleports 1 | . . . . . . . . . . . . . . . . . . . . . . . . . . . . . . . . . . . 1 . . . Exploration Rate (%) 55 | 1 97 51 66 42 69 62 62 55 80 27 54 46 80 66 33 83 61 95 25 37 64 47 60 56 15 83 38 47 67 83 62 49 80 49 81 36 37 28 Regions Visited 38 Branch Regions 24 Pre-discovered Areas 6 | . . . . . 1 . . . . . . . 1 . . . . . . . . . 3 . . . . . . 1 . . . . . . . . Known Exits Taken 11 | . . . . 1 . . . . . 1 . . . . 1 . . . 1 1 . . . 1 . . 1 . . . 1 1 . 1 . . 1 . Unknown Exits Taken 23 | 1 1 1 1 . 1 1 1 . . . 1 1 1 1 . 1 1 1 . . 1 1 1 . . . . 1 1 1 . . 1 . 1 1 . . Scrap Searched 18 | . . 1 . 1 . . . . . . . 1 . 4 . . . . . . 2 3 . 1 . . . 2 2 . 1 . . . . . . . Spaces Dug 395 | . . . . . . . . 37 . 26 1 14 . 7 10 42 . . 6 37 . . . . 4 . 23 . 4 2 8 24 13 64 6 7 37 23 Terrain Destroyed 1153 | . . . 4 11 . 57 46 37 . 33 29 29 . 56 10 42 . . 172 59 27 . . . 4 . 23 76 4 2 157 76 13 64 6 7 86 23 Melee 324 | . . . . . . . . 37 . 18 1 . . . 10 . . . 6 37 . . . . 4 . 23 . 4 2 8 24 13 64 6 7 37 23 Projectile 14 | . . . . . . . 14 . . . . . . . . . . . . . . . . . . . . . . . . . . . . . . . AOE 815 | . . . 4 11 . 57 32 . . 15 28 29 . 56 . 42 . . 166 22 27 . . . . . . 76 . . 149 52 . . . . 49 . Terrain Rammed . | . . . . . . . . . . . . . . . . . . . . . . . . . . . . . . . . . . . . . . . Walls Destroyed . | . . . . . . . . . . . . . . . . . . . . . . . . . . . . . . . . . . . . . . . Machines Disabled . | . . . . . . . . . . . . . . . . . . . . . . . . . . . . . . . . . . . . . . . Actions | -11 -10 -10 -9 -9 -9 -8 -8 -7 -7 -7 -7 -7 -7 -6 -6 -6 -6 -6 -6 -5 -5 -5 -5 -4 -4 -4 -4 -4 -4 -4 -3 -3 -3 -2 -2 -2 -1 -1 --------- Run | Yrd Mat Min Mat Min Exi Min Mat Fac Was Fac Low Low Dat Pro Fac Ext Cet Arc Hub Fac Upp Upp Zhi Pro Fac Was Fac Upp Upp War Pro Res Qua Res Tes Sec Acc Com Total 36734 | 3 999 288 1035 193 308 407 1392 3523 85 1660 285 313 256 688 1531 1789 442 304 426 2557 656 300 310 323 404 75 2046 348 469 876 644 2328 589 2399 886 619 2274 2704 Wait 6128 | . 64 37 17 77 . 9 364 711 . 226 . . 24 37 228 632 192 79 48 740 91 9 18 . 50 . 660 2 25 43 32 446 6 455 56 28 260 462 Move 28358 | . 831 233 812 106 304 360 776 2659 85 1384 277 307 204 635 1260 1054 242 221 360 1711 552 286 268 323 340 73 1311 325 428 797 574 1759 549 1842 775 541 1894 1900 Hop 47 | . . . . . . . . 1 . 5 . . . . . 4 . . . 8 . . . . 1 . 1 3 . . . 6 . 7 5 . 5 1 Pick Up 158 | . 17 3 21 . 2 1 18 8 . 1 . . 4 . 2 1 . 1 . 4 . . 2 . 2 1 6 1 3 3 . 8 3 5 4 5 7 25 Fast Attach 142 | . 3 . 10 . . 1 8 8 . 5 . . . . 5 2 1 . 1 10 1 1 7 . 1 . 6 . . 10 . 3 5 5 3 4 7 35 Attach 73 | . . . 6 . . 2 3 12 . . . . . . 2 . . . . 2 . . . . 2 1 1 . . . . 3 . 8 3 . 5 23 Detach 23 | . . . . . . . . 2 . 1 . . . . 1 . . . 1 . . . . . . . . . . . . . 2 4 1 . . 11 Swap 222 | 3 7 . 25 4 1 5 14 20 . 6 2 2 3 4 4 15 . 1 3 8 5 . 3 . 1 . 5 5 4 6 4 18 . 1 13 4 11 15 Drop 254 | . 12 3 43 . 1 1 18 35 . 3 . 1 4 . 4 4 1 1 1 5 . . 8 . . . 5 . 3 14 . 11 4 3 6 6 10 47 Fire 343 | . 58 7 95 6 . 26 94 . . 3 3 3 . 8 . 4 . . 1 2 4 . . . . . . 9 . . 12 3 . . . . 5 . Melee 763 | . . . . . . . 1 63 . 24 3 . 17 4 20 30 6 1 8 64 3 4 4 . 7 . 33 3 6 3 22 52 20 69 20 21 70 185 Ram . | . . . . . . . . . . . . . . . . . . . . . . . . . . . . . . . . . . . . . . . Kick . | . . . . . . . . . . . . . . . . . . . . . . . . . . . . . . . . . . . . . . . Crush 28 | . 7 5 6 . . 2 8 . . . . . . . . . . . . . . . . . . . . . . . . . . . . . . . Escape Stasis 58 | . . . . . . . . . . . . . . . 5 22 . . . 3 . . . . . . 18 . . . . . . . . 10 . . Rewire 21 | . . . . . . . . . . . . . . . . 21 . . . . . . . . . . . . . . . . . . . . . . Trap 116 | . . . . . . . 88 4 . 2 . . . . . . . . 3 . . . . . . . . . . . . 19 . . . . . . Miscellaneous . | . . . . . . . . . . . . . . . . . . . . . . . . . . . . . . . . . . . . . . . Route ------- -11/Scrapyard -10/Materials (discovered 4 exits: *Mat x3 / *Min) -10/Mines (discovered 2 exits: *Mat x2) -9/Materials (discovered 4 exits: *Mat x2 / [*Min] / [*Sto]) -9/Mines -9/Exiles -8/Mines -8/Materials -7/Factory (discovered 3 exits: *Fac x2 / *Low) -7/Waste -7/Factory (discovered 2 exits: *Low x2) -7/Lower Caves -7/Lower Caves -7/Data Miner -6/Proximity Caves -6/Factory (discovered 5 exits: Fac / *Low x2 / *Ext x2) -6/Extension (discovered 2 exits: *Fac / *Cet) -6/Cetus -6/Archives (discovered 3 exits: *Fac / *Hub x2) -6/Hub_04(d) (discovered 4 exits: *Fac x4) -5/Factory (discovered 2 exits: *Upp x2) -5/Upper Caves -5/Upper Caves (discovered 2 exits: Fac / *Zhi) -5/Zhirov -4/Proximity Caves -4/Factory (discovered 2 exits: Upp x2) -4/Waste -4/Factory (discovered 3 exits: *Res / *Upp x2) -4/Upper Caves -4/Upper Caves (discovered 2 exits: *Res / *War) -4/Warlord -3/Proximity Caves -3/Research (discovered 3 exits: Arm / *Qua x2) -3/Quarantine -2/Research (discovered 2 exits: *Tes x2) -2/Testing (discovered 2 exits: *Acc / [*Sec]) -2/Section 7 -1/Access (discovered 2 exits: *Sur / *Com) -1/Command (discovered 2 exits: *Sur x2) To Epsilon Eridani History --------- Turn | Location | Event 6 | -11/Scrapyard | Discovered new exit (range 0) 6 | -11/Scrapyard | Entered Materials 315 | -10/Materials | Build established: Mutant 364 | -10/Materials | Discovered new exit (range 9) 597 | -10/Materials | Discovered new exit (range 10) 899 | -10/Materials | Discovered new exit (range 14) 1076 | -10/Materials | Discovered new exit (range 5) 1540 | -10/Materials | Repaired Lgt. Treads 1621 | -10/Materials | Entered Mines 1687 | -10/Mines | Discovered new exit (range 13) 1752 | -10/Mines | Met a Derelict who couldn't figure out how to use a Trap Extractor 2029 | -10/Mines | Discovered new exit (range 8) 2065 | -10/Mines | Entered Materials 2065 | -9/Materials | Evolved 2 slots: Propulsion x1, Utility x1 2101 | -9/Materials | Discovered new exit (range 13) 2585 | -9/Materials | Discovered new exit (range 16) 3521 | -9/Materials | Discovered new exit (range 9) 3722 | -9/Materials | Discovered new exit (range 7) 3740 | -9/Materials | Entered Mines 3746 | -9/Mines | Met a Derelict bent on vengeance 3753 | -9/Mines | Assembled infested the area 3896 | -9/Mines | Identified exit to Exiles 4006 | -9/Mines | Entered Exiles 4046 | -9/Exiles | Met 8R-AWN 4072 | -9/Exiles | Met EX-HEX 4166 | -9/Exiles | Met EX-DEC 4198 | -9/Exiles | Met EX-BIN 4230 | -9/Exiles | Learned location of Zion (-6) 4287 | -9/Exiles | Aligned with FarCom system 4289 | -9/Exiles | Given EX-Vault access code 4327 | -9/Exiles | Opened EX-Vault 4340 | -9/Exiles | Found Longsword +1 4375 | -9/Exiles | Warned to stay clear of 0b10 Research branches 4484 | -9/Exiles | Discovered new exit (range 10) 4496 | -9/Exiles | Left Exiles lab with Longsword +1 4496 | -9/Exiles | Entered Mines 5116 | -8/Mines | Discovered new exit (range 13) 5166 | -8/Mines | Entered Materials 5166 | -8/Materials | Evolved 2 slots: Propulsion x1, Utility x1 6492 | -8/Materials | Discovered new exit (range 15) 7343 | -8/Materials | Entered Factory 7343 | -7/Factory | Evolved 2 slots: Utility x2 7635 | -7/Factory | Discovered new exit (range 3) 7662 | -7/Factory | Build established: Hacker-Sprinter 7679 | -7/Factory | Discovered new exit (range 9) 7707 | -7/Factory | Fabricated Imp. System Shield? 8244 | -7/Factory | Fabricated Imp. Hacking Suite? 8256 | -7/Factory | Fabricated Imp. Hacking Suite? 8281 | -7/Factory | Fabricated Imp. Hacking Suite? 8283 | -7/Factory | Repaired Imp. Grenade Launcher 8791 | -7/Factory | Cargo convoy interrupted 8817 | -7/Factory | Found Prototype Hackware 8923 | -7/Factory | Identified Exp. System Shield 9001 | -7/Factory | Discovered new exit (range 14) 9030 | -7/Factory | Manually triggered Chute Trap 9030 | -7/Factory | Sucked down chute 9030 | -7/Factory | Entered Waste 9031 | -7/Waste | Met a frightened Derelict 9037 | -7/Waste | Spotted C-40 Crusher 9038 | -7/Waste | Spotted C-40 Crusher 9042 | -7/Waste | Spotted C-40 Crusher 9044 | -7/Waste | Spotted C-40 Crusher 9047 | -7/Waste | Spotted C-40 Crusher 9047 | -7/Waste | Spotted C-40 Crusher 9050 | -7/Waste | Discovered new exit (range 11) 9053 | -7/Waste | Entered Factory 9055 | -7/Factory | Identified exit to Lower Caves 9174 | -7/Factory | Fabricated Imp. Hacking Suite? 9482 | -7/Factory | Fabricated Adv. Hacking Suite (x1) 9599 | -7/Factory | Fabricated Adv. Hacking Suite? 9652 | -7/Factory | Fabricated Adv. Hacking Suite? 9717 | -7/Factory | Entered Lower Caves 9723 | -7/Lower Caves | Encountered a Warlord checkpoint 9802 | -7/Lower Caves | Discovered new exit (range 9) 9805 | -7/Lower Caves | Entered another Lower Caves area 9852 | -7/Lower Caves | Learned location of 1 exit from Factory 9890 | -7/Lower Caves | Discovered new exit (range 15) 9894 | -7/Lower Caves | Entered Data Miner 9894 | -7/Data Miner | Discovered new exit (range 6) 9901 | -7/Data Miner | Met Data Miner 9905 | -7/Data Miner | Learned location of Section 7 (-2) 9905 | -7/Data Miner | Acquired the access code to Warlord's prototype stash 9909 | -7/Data Miner | Received God Mode back door access code from Data Miner 9946 | -7/Data Miner | Data Conduit disabled 9961 | -7/Data Miner | Build established: Wizard-Sprinter 10015 | -7/Data Miner | Entered Proximity Caves 10149 | -6/Proximity Caves | Learned Factory emergency access door positions 10242 | -6/Proximity Caves | Discovered new exit (range 15) 10248 | -6/Proximity Caves | Entered Factory 10248 | -6/Factory | Evolved 2 slots: Propulsion x1, Utility x1 10249 | -6/Factory | Identified exit to Factory 10317 | -6/Factory | Repaired Cld. Nuclear Pulse Thruster 10362 | -6/Factory | Repaired Cld. Nuclear Pulse Thruster 10490 | -6/Factory | Fabricated Exp. Utility Shielding (x1) 10507 | -6/Factory | Discovered new exit (range 7) 10559 | -6/Factory | Fabricated Exp. Propulsion Shielding? 10604 | -6/Factory | Fabricated Adv. Hacking Suite? 10642 | -6/Factory | Repaired Cld. Nuclear Pulse Thruster? 10646 | -6/Factory | Lost 3 allies 10795 | -6/Factory | Build established: Hacker-Sprinter 10814 | -6/Factory | Identified exit to Lower Caves 10814 | -6/Factory | Identified exit to Extension 10832 | -6/Factory | Entered Extension 10922 | -6/Extension | Rescued a captive Derelict 11033 | -6/Extension | Rescued a captive Derelict 11033 | -6/Extension | Rescued a captive Derelict 11039 | -6/Extension | Rescued a captive Derelict 11040 | -6/Extension | Rescued a captive Derelict 11056 | -6/Extension | Rescued a captive Derelict 11058 | -6/Extension | Rescued a captive Derelict 11236 | -6/Extension | Lost 3 allies 11382 | -6/Extension | Disrupted transfer network 11449 | -6/Extension | Spotted B-75 Beast 11509 | -6/Extension | Spotted B-75 Beast 11518 | -6/Extension | Allies destroyed B-75 Beast 11533 | -6/Extension | Rescued a captive Derelict 11539 | -6/Extension | Lost 4 allies 11565 | -6/Extension | Rescued A7 11588 | -6/Extension | Rescued a captive Derelict 11588 | -6/Extension | Rescued a captive Derelict 11638 | -6/Extension | Discovered new exit (range 15) 11639 | -6/Extension | Discovered exit to Factory (range 15) 11668 | -6/Extension | Rescued a captive Derelict 11771 | -6/Extension | Rescued a captive Derelict 11774 | -6/Extension | Rescued a captive Derelict 11775 | -6/Extension | Rescued a captive Derelict 11865 | -6/Extension | Entered Cetus 11865 | -6/Cetus | Accompanied by 11 allies (A7) 11870 | -6/Cetus | Acquired a Cetus Manufacturing Module code from A7 11887 | -6/Cetus | Spotted Cetus Guard 11889 | -6/Cetus | Spotted Cetus Guard 11889 | -6/Cetus | Spotted Cetus Guard 11901 | -6/Cetus | Allies destroyed Cetus Guard 11923 | -6/Cetus | Started Cetus Manufacturing Module 11928 | -6/Cetus | Lost 5 allies 11935 | -6/Cetus | Escorted A7 to Cetus Mainframe 11948 | -6/Cetus | Manufactured an Enhanced Grunt 11973 | -6/Cetus | Manufactured an Enhanced Grunt 11998 | -6/Cetus | Manufactured an Enhanced Grunt 12023 | -6/Cetus | Manufactured an Enhanced Grunt 12048 | -6/Cetus | Manufactured an Enhanced Grunt 12072 | -6/Cetus | Found a strange terminal 12077 | -6/Cetus | Discovered new exit (range 16) 12133 | -6/Cetus | Entered Archives 12133 | -6/Archives | Accompanied by 10 allies (A7) 12138 | -6/Archives | Received a hacking code to weaken MAIN.C 12187 | -6/Archives | Discovered new exit (range 13) 12195 | -6/Archives | Discovered exit to Factory (range 15) 12206 | -6/Archives | Discovered new exit (range 16) 12268 | -6/Archives | Entered Hub_04(d) 12268 | -6/Hub_04(d) | Accompanied by 8 allies 12286 | -6/Hub_04(d) | Central database locked down 12425 | -6/Hub_04(d) | Network Hub disabled 12428 | -6/Hub_04(d) | Entered Factory 12428 | -5/Factory | Accompanied by 4 allies 12428 | -5/Factory | Evolved 2 slots: Propulsion x1, Utility x1 12429 | -5/Factory | Identified exit to Upper Caves 12529 | -5/Factory | Repaired Exp. Propulsion Shielding 12620 | -5/Factory | Repaired Cld. Nuclear Pulse Thruster 12729 | -5/Factory | Repaired Centrium Medium Armor Plating 12797 | -5/Factory | Repaired Cld. Nuclear Pulse Thruster 13028 | -5/Factory | Search patrols dispatched 13147 | -5/Factory | Build established: Wizard-Sprinter 13148 | -5/Factory | Fabricated Mni. Smartbomb Launcher? 13328 | -5/Factory | Search patrols dispatched 13402 | -5/Factory | Fabricated Adv. Gravity Neutralizer? 13536 | -5/Factory | Repaired Centrium Medium Armor Plating 13577 | -5/Factory | Repaired Exp. Propulsion Shielding 13623 | -5/Factory | Repaired Cld. Nuclear Pulse Thruster 13666 | -5/Factory | Fabricated Adv. Hacking Suite (x1) 13680 | -5/Factory | Entered Upper Caves 13681 | -5/Upper Caves | Learned Factory garrison access intel 13918 | -5/Upper Caves | Attracted the attention of an 0b10 checkpoint 13924 | -5/Upper Caves | Discovered new exit (range 2) 13924 | -5/Upper Caves | Entered another Upper Caves area 13975 | -5/Upper Caves | Identified exit to Factory 13982 | -5/Upper Caves | Attracted the attention of an 0b10 checkpoint 14017 | -5/Upper Caves | Discovered new exit (range 9) 14022 | -5/Upper Caves | Learned location of 1 exit from Factory 14024 | -5/Upper Caves | Entered Zhirov 14024 | -5/Zhirov | Discovered new exit (range 3) 14030 | -5/Zhirov | Met Zhirov 14037 | -5/Zhirov | Found Alien Artifact 14037 | -5/Zhirov | Identified Integrated Dissipator 14037 | -5/Zhirov | Installed Integrated Dissipator, increased core heat dissipation (+20) 14072 | -5/Zhirov | Found Alien Artifact 14109 | -5/Zhirov | Zhirov requested help retrieving the SGEMP Prototype 14110 | -5/Zhirov | Learned location of Quarantine (-3) 14110 | -5/Zhirov | Learned location of Testing (-2) 14110 | -5/Zhirov | Learned location of Command (-1) 14130 | -5/Zhirov | Entered Proximity Caves 14167 | -4/Proximity Caves | Learned Research interactive machine intel 14173 | -4/Proximity Caves | Discovered exit to Factory (range 6) 14174 | -4/Proximity Caves | Learned Research emergency access door positions 14195 | -4/Proximity Caves | Entered Factory 14195 | -4/Factory | Evolved 2 slots: Power x1, Utility x1 14196 | -4/Factory | Identified exit to Upper Caves 14197 | -4/Factory | Loaded intel: 4 garrison access locations 14299 | -4/Factory | Repaired Lgt. Angular Momentum Engine 14335 | -4/Factory | Sucked down chute 14335 | -4/Factory | Entered Waste 14337 | -4/Waste | Spotted C-40 Crusher 14339 | -4/Waste | Spotted C-40 Crusher 14339 | -4/Waste | Spotted C-40 Crusher 14339 | -4/Waste | Spotted C-40 Crusher 14341 | -4/Waste | Spotted C-40 Crusher 14344 | -4/Waste | Spotted C-40 Crusher 14348 | -4/Waste | Discovered new exit (range 14) 14350 | -4/Waste | EMP discharged 14352 | -4/Waste | Entered Factory 14413 | -4/Factory | Spotted B-86 Titan 14432 | -4/Factory | Central database locked down 14465 | -4/Factory | Discovered new exit (range 9) 14616 | -4/Factory | Repaired System Restoration Module 15128 | -4/Factory | Fabricated Exp. Utility Shielding? 15383 | -4/Factory | Entered Upper Caves 15394 | -4/Upper Caves | Spotted B-86 Titan 15432 | -4/Upper Caves | Ambushed by research squad 15479 | -4/Upper Caves | Discovered new exit (range 15) 15482 | -4/Upper Caves | Learned Research emergency access door positions 15487 | -4/Upper Caves | Entered another Upper Caves area 15488 | -4/Upper Caves | Discovered new exit (range 13) 15489 | -4/Upper Caves | Spotted B-86 Titan 15494 | -4/Upper Caves | Destroyed 8 combat bots 15611 | -4/Upper Caves | Discovered new exit (range 10) 15621 | -4/Upper Caves | Entered Warlord 15630 | -4/Warlord | System corruption cleaned by Quarantine Array 15655 | -4/Warlord | Received a Watcher feed algorithm from an ecstatic Tinkerer 15687 | -4/Warlord | Learned Research emergency access door positions 15687 | -4/Warlord | Learned Research trap positions 15687 | -4/Warlord | Learned 4 Access zone layouts 15687 | -4/Warlord | Learned Armory repair station intel 15750 | -4/Warlord | Found Prototype Device 15750 | -4/Warlord | Identified Thermal Barrier 15753 | -4/Warlord | Found Prototype Processor 15757 | -4/Warlord | Found Prototype Reactor 15757 | -4/Warlord | Identified Vortex Chain Reactor 15795 | -4/Warlord | Warlord's base attacked by MAIN.C 15832 | -4/Warlord | Opened side exit 15862 | -4/Warlord | Discovered new exit (range 8) 15863 | -4/Warlord | Entered Proximity Caves 15864 | -3/Proximity Caves | Identified exit to Research 15866 | -3/Proximity Caves | Spotter reported a threat 15873 | -3/Proximity Caves | Spotter reported a threat 16088 | -3/Proximity Caves | Entered Research 16088 | -3/Research | Evolved 2 slots: Utility x2 16089 | -3/Research | Loaded intel: 88 trap records 16091 | -3/Research | Loaded intel: 47 interactive machine locations 16124 | -3/Research | Repaired Cld. Nuclear Pulse Thruster 16162 | -3/Research | Repaired Centrium Medium Armor Plating 16172 | -3/Research | Identified Exp. Core Analyzer 16199 | -3/Research | Identified exit to Armory 16199 | -3/Research | Identified exit to Quarantine 16338 | -3/Research | Search patrols dispatched 16915 | -3/Research | Fabricated Femtoactuators? 16943 | -3/Research | Fabricated Exp. Propulsion Shielding? 17066 | -3/Research | Entered Quarantine 17067 | -3/Quarantine | Maximum security lockdown engaged 17070 | -3/Quarantine | Found Alien Artifact 17076 | -3/Quarantine | Found Alien Energy Cannon 17107 | -3/Quarantine | Found Alien Slashing Weapon 17107 | -3/Quarantine | Identified Sigix Broadsword 17115 | -3/Quarantine | Found Alien Artifact 17200 | -3/Quarantine | Discovered new exit (range 16) 17249 | -3/Quarantine | Entered Research 17249 | -2/Research | Evolved 2 slots: Propulsion x1, Utility x1 17308 | -2/Research | Fabricated Exp. Armor Integrity Analyzer (x1) 17352 | -2/Research | Fabricated Cld. Nuclear Pulse Thruster (x1) 17599 | -2/Research | Spotted B-90 Cyclops 17618 | -2/Research | Crushed by falling debris 17624 | -2/Research | Identified Subatomic Replicator 17624 | -2/Research | Identified Phase Redirector 17624 | -2/Research | Identified Transdimensional Reconstructor 17628 | -2/Research | Identified exit to Testing 17708 | -2/Research | Repaired Exp. Utility Shielding 17716 | -2/Research | Fabricated Exp. Propulsion Shielding? 18059 | -2/Research | Repaired Adv. Gravity Neutralizer 18204 | -2/Research | Entered Testing 18205 | -2/Testing | Maximum security lockdown engaged 18225 | -2/Testing | Spotted PH-1UMMNWCBY4 18230 | -2/Testing | Rewired PH-1UMMNWCBY4 18379 | -2/Testing | Warped through subspace 18379 | -2/Testing | Spotted Striker 18379 | -2/Testing | Spotted Striker 18379 | -2/Testing | Spotted Alpha 7 18400 | -2/Testing | Found Prototype Hackware 18400 | -2/Testing | Identified Ghost Barrier 18406 | -2/Testing | Discovered new exit (range 8) 18421 | -2/Testing | Spotted Fortress 18439 | -2/Testing | Discovered new exit (range 5) 18443 | -2/Testing | Entered Section 7 18444 | -2/Section 7 | Maximum security lockdown engaged 18474 | -2/Section 7 | Found Alien Artifact 18512 | -2/Section 7 | Found Alien Artifact 18554 | -2/Section 7 | Found Integrated Dissipator 18554 | -2/Section 7 | Installed Integrated Dissipator, increased core heat dissipation (+20) 18585 | -2/Section 7 | Spotted S7 Guard 18588 | -2/Section 7 | Found Alien Artifact 18594 | -2/Section 7 | Found Alien Artifact 18609 | -2/Section 7 | Discovered new exit (range 5) 18614 | -2/Section 7 | Entered Access 18614 | -1/Access | Evolved 2 slots: Utility x2 18654 | -1/Access | Repaired Exp. Propulsion Shielding 18682 | -1/Access | Repaired Exp. Utility Shielding 18720 | -1/Access | Repaired Centrium Medium Armor Plating 18730 | -1/Access | Spotted B-99 Colossus 18735 | -1/Access | Found Exp. Hacking Suite 18794 | -1/Access | Identified exit to Command 18824 | -1/Access | Identified Core Physics Calibrator 18824 | -1/Access | Identified Integrated Reactor 18824 | -1/Access | Identified Core Reset Matrix (x2) 18825 | -1/Access | Installed Integrated Reactor, increased core energy generation (+10) 18883 | -1/Access | Spotted B-99 Colossus 18976 | -1/Access | Fabricated Exp. Weapon Shielding (x1) 19034 | -1/Access | Discovered new exit (range 6) 19149 | -1/Access | Fabricated Exp. Melee Analysis Suite (x1) 19276 | -1/Access | Entered Command 19396 | -1/Command | Repaired Exp. Utility Shielding 19423 | -1/Command | Repaired Exp. Propulsion Shielding 19538 | -1/Command | Repaired Lgt. Neutrino Core 19585 | -1/Command | Used Subatomic Replicator to replicate Sigix Broadsword 19596 | -1/Command | Met MAIN.C 19603 | -1/Command | 0b10 Conduit disabled 19620 | -1/Command | Destroyed MAIN.C Shell 19622 | -1/Command | Surrendered to MAIN.C 19622 | -1/Command | Loaded intel: 56 machine locations 19622 | -1/Command | Loaded intel: 120 trap records 19622 | -1/Command | Identified exit to Surface 19622 | -1/Command | Discovered exit to Surface (range 96) 19622 | -1/Command | Discovered exit to Surface (range 40) 19623 | -1/Command | Found Prototype Protection 19623 | -1/Command | Identified Centrium Heavy Armor Plating 19650 | -1/Command | Found Prototype Device 19650 | -1/Command | Identified Exp. Cloaking Device 19654 | -1/Command | Found Prototype Device 19654 | -1/Command | Identified Exp. System Purifier 19662 | -1/Command | Found Prototype Protection 19662 | -1/Command | Identified SHELL Armor 19669 | -1/Command | Found Exp. Core Analyzer 19671 | -1/Command | Found Zero-point Reactor 19740 | -1/Command | MAIN.C activated Command garrisons 19776 | -1/Command | Unknown forces attacked Command 19776 | -1/Command | Spotted EQ-006 19776 | -1/Command | Spotted EQ-001 19776 | -1/Command | Spotted EQ-002 19776 | -1/Command | Spotted EQ-004 19776 | -1/Command | Spotted EQ-000 19776 | -1/Command | Spotted EQ-005 19776 | -1/Command | Spotted EQ-003 19783 | -1/Command | Destroyed EQ-000 19793 | -1/Command | Destroyed EQ-003 19804 | -1/Command | Destroyed EQ-006 19845 | -1/Command | Spotted EQ-012 19849 | -1/Command | Destroyed EQ-012 19850 | -1/Command | Found Exp. Core Analyzer 19867 | -1/Command | Spotted EQ-018 19867 | -1/Command | Spotted EQ-021 19867 | -1/Command | Spotted EQ-019 19867 | -1/Command | Spotted EQ-020 19884 | -1/Command | Spotted EQ-030 19889 | -1/Command | Destroyed EQ-030 19953 | -1/Command | Build established: Hacker-Sprinter 19959 | -1/Command | Spotted EQ-035 19960 | -1/Command | Spotted EQ-037 19964 | -1/Command | Destroyed EQ-035 19972 | -1/Command | Spotted EQ-038 19979 | -1/Command | Destroyed EQ-038 20075 | -1/Command | Spotted EQ-060 20075 | -1/Command | Spotted EQ-061 20075 | -1/Command | Spotted EQ-075 20087 | -1/Command | Spotted EQ-057 20087 | -1/Command | Spotted EQ-081 20087 | -1/Command | Spotted EQ-056 20087 | -1/Command | Spotted EQ-052 20089 | -1/Command | Destroyed EQ-057 20091 | -1/Command | Spotted EQ-083 20093 | -1/Command | Destroyed EQ-081 20098 | -1/Command | Spotted EQ-044 20100 | -1/Command | Destroyed EQ-044 20102 | -1/Command | Destroyed EQ-052 20115 | -1/Command | Destroyed EQ-083 20118 | -1/Command | Destroyed EQ-056 20163 | -1/Command | Found Prototype Device 20163 | -1/Command | Identified Adv. EM Disruption Field 20181 | -1/Command | Spotted EQ-085 20182 | -1/Command | Spotted EQ-090 20217 | -1/Command | Lost 3 allies 20242 | -1/Command | Spotted EQ-086 20246 | -1/Command | Destroyed EQ-086 20248 | -1/Command | Spotted EQ-089 20254 | -1/Command | Destroyed EQ-089 20286 | -1/Command | Spotted EQ-132 20315 | -1/Command | Destroyed EQ-132 20317 | -1/Command | Found Exp. Core Analyzer 20322 | -1/Command | Spotted EQ-110 20323 | -1/Command | Spotted EQ-115 20330 | -1/Command | All MAIN.C guards destroyed 20340 | -1/Command | Lost 6 parts (1p1n3u1w) 20352 | -1/Command | Spotted EQ-119 20352 | -1/Command | Spotted EQ-130 20360 | -1/Command | Spotted EQ-125 20361 | -1/Command | Spotted EQ-126 20385 | -1/Command | Destroyed EQ-125 20394 | -1/Command | Build established: Scavenger-Sprinter 20407 | -1/Command | Destroyed EQ-119 20414 | -1/Command | Spotted EQ-139 20414 | -1/Command | Spotted EQ-140 20414 | -1/Command | Spotted EQ-141 20414 | -1/Command | Spotted EQ-165 20414 | -1/Command | Destroyed EQ-141 20417 | -1/Command | Destroyed EQ-139 20419 | -1/Command | Spotted EQ-160 20424 | -1/Command | Spotted EQ-149 20424 | -1/Command | Spotted EQ-167 20429 | *** | Escaped! Last Messages --------------- 20418_ Slug penetrates Alpha 7. 20418_ Slug penetrates MAIN.C. 20418_ Alpha 7 Exp. Cooling System blasted off. 20420_ Swarm Drone suffers critical hit (Blast). 20420_ Swarm Drone knocked back. 20420_ MAIN.C: "Ha ha ha." 20420_ MAIN.C destroyed. 20420_ Slug penetrates Alpha 7. 20420_ Alpha 7 destroyed. 20420_ Penetrated by Slug. 20422_ Knocked back. 20422_ Penetrated by Slug. 20422_ Exp. Weapon Shielding destroyed. 20422_ Slug penetrates Reinforced Barrier. 20423_ Penetrated by Slug. 20423_ Slug penetrates Reinforced Barrier. 20425_ Penetrated by Slug. 20425_ Acquired Exp. Cooling System. 20426_ Penetrated by Slug. 20427_ Acquired 10 matter. Map ----- +----------------------------------------------------+ | # # ### # !%[] !=! =% #??#?# % | | # / * # %%]!#[! #??#?# % | | # # # ] / ! % =! *! #??#?# %% | | # ######## # ![*!=]!![] ! #??#?#%! | | # #""""""# # !=!*!%==!=!=! #??###!%=%= | | # + """# # ! % **%!%!!!% !!! #??##%[*%!% | | # + """# #%=! ][[!###! %/# ####??###=*[! | | # + """# /!%!% = ####=!!%!#########!%]* | | # #""""""# !!! # != % ! #?#*]*%!* =!=%%!=[%[ | | ########### !%! ###### ##?#[ ! *=%=[==% % | | ??????????# [[ #????# #?# ! %%!!= % ! | | ## ###### * #????# ##?# %= #### ### % | | *=! + #????# #??## [%##??#### #! | | ! #### #????# #???# ! #??????# #=!% % | | = ^ #?????##+#####????# #??## #??????######## | | ^ ####### #????# #### #?????##??????? | | ^ ## #????# % #????# ######## | | ^ ##! ! [#????# #### #[!*###### #???????? | | ####+## ## #????# #?# !*/[%! # #????????? | | ## ## #????# #?##] !!== =! #?????????? | | = ## ## #????# #??#!!! !%!==###????????? | | # ##+###+#????# #??#!=%*[!! %!!#????????? | | # T" #????# #??#*!=!!!![=###????????? | | = # "" #????# ####|=[!![*%!#??????????? | | [ # ##### #????# ##*[!![%!! #??????????? | | ###########???# #????# @ ##%==!!!! #??????????? | | ?############## #????# ####+#########????????? | | ?# # #????######?#*%## #????????? | | ?# # #???????????#!!## #????????? | | ?# # #???????????#==## #????????? | | ?# # #???????????#!*## #????????? | | ?# """" # #############![!#### ###########? | | ?# """" + #? | | ?# """" # T#? | | ?# """" # ############### ############ ##? | | ?# # #??????????????##???????#### ##? | | ?# # #???????????????????????#]]] =#? | | ?# """ """ # #???????????????????????#][] ! =#? | | ?# """T""" # ########????????????????#! !!! =#? | | ?###########+## # #????????????????# *!!*==#? | | ?########### # ] #????????????????#########? | | ?# # # #?????????????????????????? | | ?#! # + ===#?????????????????????????? | | ?# # # == #?????????????????????????? | | ?# !!! # # =! #?????????????????????????? | | ?# !! + ########?????????????????????????? | | ?# !! ######????????????????????????????????? | | ?# #?????????????????????????????????????? | | ?# #?????????????????????????????????????? | | ?###########?????????????????????????????????????? | +----------------------------------------------------+ Best States ------------- Heat Dissipation 92 Coolant Potential 50 Energy Generation 57 Energy Capacity 420 Matter Stores 300 Matter Capacity 300 Sight Range 16 Terrain Scan Density 10 Additional Mass Support 16 Armor Coverage 900 Resistance: TH 30 Resistance: EM 50 Core Shielding 40 Propulsion Shielding 90 Utility Shielding 90 Weapon Shielding 90 Melee Speed Boost 50 Evasion (%) 78 Targeting Accuracy 8 Melee Accuracy 18 Core Analysis 12 Armor Integrity Analysis 50 Recoil Reduction 4 Offensive Hacking 79 Defensive Hacking 36 Authchip Count 1 Trap Extractor Capacity 6 Item Schematics ----------------- Huge Storage Unit | -10/Materials | Hacked Hacking Suite | -9/Materials | Scanalyzed Imp. Hacking Suite | -7/Factory | Hacked Imp. System Shield | -7/Factory | Hacked Exp. System Shield | -7/Factory | Scanalyzed Adv. Hacking Suite | -7/Factory | Hacked Combat Drone Bay | -7/Data Miner | Free Lgt. Regenerative Plating | -7/Data Miner | Free Biomechanical Wings | -7/Data Miner | Free Exp. Targeting Computer | -7/Data Miner | Free Force Rifle | -7/Data Miner | Free Gyrokinetic Inverter | -7/Data Miner | Free Imp. Recalibrator | -7/Data Miner | Free Imp. Plasma Cutter | -7/Data Miner | Free Remote Force Field | -7/Data Miner | Free Neutrino Core | -7/Data Miner | Free Phase Gun | -7/Data Miner | Free Imp. Linear Gravjet | -7/Data Miner | Free Exp. Propulsion Shielding | -6/Factory | Hacked Exp. Utility Shielding | -6/Factory | Hacked Cld. Nuclear Pulse Thruster | -6/Factory | Scanalyzed Transport Network Coupler | -6/Factory | Scanalyzed Nanoactuators | -5/Factory | Downloaded Imp. Transmission Jammer | -5/Factory | Hacked Mni. Smartbomb Launcher | -5/Factory | Hacked Adv. Gravity Neutralizer | -5/Factory | Scanalyzed Assault Drone Bay | -5/Zhirov | Free Exp. Heat Sink | -5/Zhirov | Free Exp. Optical Array | -5/Zhirov | Free Imp. Arc Thrower | -5/Zhirov | Free Exp. Hacking Suite | -4/Factory | Hacked Exp. Weapon Shielding | -4/Factory | Hacked Exp. System Guard | -4/Factory | Scanalyzed Exp. Core Analyzer | -3/Research | Scanalyzed Exp. Armor Integrity Analyzer | -3/Research | Hacked Femtoactuators | -3/Research | Hacked Exp. Melee Analysis Suite | -3/Research | Hacked Zero-point Reactor | -3/Research | Hacked Nanosword | -3/Research | Hacked Adv. Quantum Shading Machine | -2/Research | Hacked Helical Railgun | -2/Section 7 | Archive Robot Schematics ------------------ R-10 Processor | -7/Data Miner | Free S-27 Virus | -7/Data Miner | Free M-14 Sweeper | -7/Data Miner | Free L-41 Fighter | -7/Data Miner | Free Fabricated ------------ Imp. System Shield | x1 | -7/Factory Imp. Hacking Suite | x1 | -7/Factory Imp. Hacking Suite | x1 | -7/Factory Imp. Hacking Suite | x1 | -7/Factory Imp. Hacking Suite | x1 | -7/Factory Adv. Hacking Suite | x1 | -7/Factory Adv. Hacking Suite | x1 | -7/Factory Adv. Hacking Suite | x1 | -7/Factory Exp. Utility Shielding | x1 | -6/Factory Exp. Propulsion Shielding | x1 | -6/Factory Adv. Hacking Suite | x1 | -6/Factory Mni. Smartbomb Launcher | x1 | -5/Factory Adv. Gravity Neutralizer | x1 | -5/Factory | Preloaded Adv. Hacking Suite | x1 | -5/Factory Exp. Utility Shielding | x1 | -4/Factory Femtoactuators | x1 | -3/Research | Authchip Exp. Propulsion Shielding | x1 | -3/Research Exp. Armor Integrity Analyzer | x1 | -2/Research | Authchip Cld. Nuclear Pulse Thruster | x1 | -2/Research Exp. Propulsion Shielding | x1 | -2/Research Exp. Weapon Shielding | x1 | -1/Access Exp. Melee Analysis Suite | x1 | -1/Access Alien Tech Used ----------------- Integrated Dissipator Sigix Broadsword Transdimensional Reconstructor Integrated Reactor Core Physics Calibrator Subatomic Replicator Achievements -------------- None Challenges ------------ None Game ------ Seed GammaSuspensionBrace Manual? 0 Play Time 04:06:12 Cumulative 893.1 hours Start 2024.03.26 @ 06:07:46 End 2024.03.26 @ 23:20:09 Sessions 3 Manual Loads 0 Difficulty Rogue Special Mode None Game No. 1360 Rogue 1360 Adventurer 0 Explorer 0 Win Type 0 Total 86 Types 52/1/14/14/4/0/0/1/0 Lore% 90 Gallery% 92 Achievement% 85 Wizard Run 0 Options --------- Layout 0 ASCII 1 Keyboard 0 Movement Numpad Keybinds 0 Fullscreen 2 Font 18/SmallcapsGlow Map View 76x50 Zoom Use 0% Tactical HUD 1 Map Filters NONE Filters NONE Steam 1 RUN: 024fe2b3-d34b-4767-853a-d3a1ae2c0469